Cogmind - Beta 11 X8 @@@ ROGUE MODE // 2021.11.12 @ 03:24:47 Player: Runia Result: Destroyed by G-73 Enforcer with Phase Gun Performance ------------- Evolutions (9) 4500 Regions Visited (39) 7800 Robots Destroyed (698) 3490 Value Destroyed (38754) 38754 Prototype IDs (260) 5200 Alien Tech Used (10) 2000 Bonus (26503) 26503 TOTAL SCORE: 88247 Bonus ------- High Alert Combat Kills 11855 Follower Combat Kills 1323 Entered Garrisons 200 Used RIF Installer 500 Met Data Miner 300 Used Data Conduit 3000 Destroyed Z-Imprinter 1000 Triggered Deep Caves Wall 500 Exposed GOLEM Chamber 500 Met Warlord at Base 500 MAIN.C Attacked Warlord 500 Met Warlord at Research 2000 Scanned by Researcher 500 Pursued by Intercept 2500 Met Sigix 2000 Friendly Fire -675 Cogmind --------- Core Integrity 0/1600 Matter 300/300 Energy 100/100 System Corruption 19% Temperature Cool (9) Movement Core (150) Ox2 Location -1/Command Parts ------- > --- POWER (3) -------- (None) > --- PROPULSION (6) --- (None) > --- UTILITY (12) ----- Advanced Armor Integrity Analyzer > --- WEAPON (4) ------- Enhanced Force Lance > --- INVENTORY (5) ---- Reinforced Quantum Reactor Experimental Energy Well (600) Improved System Backup Module Core Stripper Peak State ------------ > --- POWER ------------ Compact Particle Reactor Vortex Chain Reactor > --- PROPULSION ------- Enhanced Biometal Leg Enhanced Biometal Leg Myomer Exoskeleton > --- UTILITY ---------- 2N-1CE's Frost Array High-capacity Storage Unit Assembled Biocell Array Assembled Combat Suite Advanced Armor Integrity Analyzer Experimental Weapon Shielding Assembled Alloy Armor Phase Armor Experimental Force Field GOLEM Unit > --- WEAPON ----------- Enhanced Nova Cannon Core Stripper > --- INVENTORY -------- Vortex Chain Reactor Enhanced Biometal Leg Experimental Energy Well Experimental Weapon Shielding EM Dispersion Field EM Dispersion Field Ghost Barrier High-powered Transdimensional Reconstructor Subatomic Replicator Matter Drive EMDS EMDS Linked Autogun Sigix Broadsword [Rating: 248] Favorites ----------- Power Assembled Flux Generator Engine Improved Ion Engine Power Core Light Nuclear Core Reactor Assembled Flux Generator Propulsion Assembled Alloy Leg Treads Armored Treads Leg Assembled Alloy Leg Wheel Armored Wheel Utility Assembled Biocell Array Device GOLEM Unit Storage Assembled Biocell Array Processor Makeshift Terrain Scan Processor Hackware Ghost Barrier Protection Assembled Alloy Armor Artifact Phase Armor Weapon Assembled Focal Cannon Energy Gun Small Laser Energy Cannon Assembled Focal Cannon Ballistic Gun Minigun Ballistic Cannon Graviton Cannon Launcher Grenade Launcher Special Weapon RU-N14's Throwing Claymores v3 Impact Weapon Core Stripper Slashing Weapon Makeshift Axe Piercing Weapon Lance Special Melee Weapon Advanced Datajack Build | -11 -10 -10 -9 -9 -9 -8 -8 -7 -7 -7 -7 -7 -7 -7 -6 -6 -6 -6 -6 -5 -5 -5 -5 -5 -4 -4 -4 -4 -4 -4 -4 -3 -3 -2 -2 -2 -2 -1 -1 ------- Run | Scr Mat Min Mat Min Exi Min Mat Fac Was Fac Low Low Zio Dee Pro Fac Low Low Dat Pro Fac Upp Upp War Pro Fac Was Fac Ext Cet Arc Res Tes Res Qua Sec Gar Acc Com Slots Evolved 18 | . . . 2 . . . 2 2 . . . . . . . 2 . . . . 2 . . . . 2 . . . . . 2 . 2 . . . 2 . Power 2 | . . . . . . . . . . . . . . . . 1 . . . . . . . . . . . . . . . . . 1 . . . . . Propulsion 4 | . . . . . . . . . . . . . . . . 1 . . . . . . . . . 1 . . . . . . . 1 . . . 1 . Utility 10 | . . . 1 . . . 2 2 . . . . . . . . . . . . 2 . . . . 1 . . . . . 2 . . . . . . . Weapon 2 | . . . 1 . . . . . . . . . . . . . . . . . . . . . . . . . . . . . . . . . . 1 . Parts Attached 579 | 2 18 5 42 2 3 6 27 24 6 6 3 . 8 49 3 19 12 4 9 2 3 4 3 7 . 5 2 31 6 3 14 16 25 10 71 24 32 40 33 Power 36 | . 3 . 3 1 . . 1 4 1 . . . . 3 . . . . . . . . . 1 . . . 1 . . . . . 1 4 3 4 1 5 Engine 12 | . 3 . 3 . . . 1 4 . . . . . 1 . . . . . . . . . . . . . . . . . . . . . . . . . Core 1 | . . . . 1 . . . . . . . . . . . . . . . . . . . . . . . . . . . . . . . . . . . Reactor 23 | . . . . . . . . . 1 . . . . 2 . . . . . . . . . 1 . . . 1 . . . . . 1 4 3 4 1 5 Propulsion 76 | 2 3 3 13 . . . 4 1 2 . . . . 3 . 3 1 . 2 . . 1 . 2 . 1 . 5 1 2 2 1 2 1 5 3 5 2 6 Treads 35 | 2 3 3 9 . . . 2 1 2 . . . . 3 . . . . . . . . . . . . . . . 1 1 1 2 . . . . . 5 Leg 35 | . . . . . . . . . . . . . . . . 3 1 . 2 . . 1 . 2 . 1 . 5 1 1 1 . . 1 5 3 5 2 1 Wheel 6 | . . . 4 . . . 2 . . . . . . . . . . . . . . . . . . . . . . . . . . . . . . . . Hover . | . . . . . . . . . . . . . . . . . . . . . . . . . . . . . . . . . . . . . . . . Flight . | . . . . . . . . . . . . . . . . . . . . . . . . . . . . . . . . . . . . . . . . Utility 281 | . 3 1 9 1 . . 8 10 1 2 3 . . 27 3 13 5 4 4 . 2 3 3 4 . 4 2 14 2 1 10 15 18 7 41 12 15 20 14 Device 136 | . 2 1 2 . . . 1 5 . 2 3 . . 10 3 6 1 . 1 . . 2 1 2 . 3 1 7 . . 6 6 8 5 31 8 3 11 5 Storage 24 | . 1 . 1 1 . . 2 . . . . . . 3 . 2 . . . . 1 . 1 . . . . 1 . . . 1 3 . 3 . 2 2 . Processor 11 | . . . 1 . . . . 1 . . . . . 2 . . 1 1 . . . . . 1 . . . . . . . . . . 1 1 . 1 1 Hackware 8 | . . . . . . . 1 . . . . . . . . 1 . . . . . . . . . . . . . . . 2 . . . 1 . 3 . Protection 96 | . . . 5 . . . 4 4 1 . . . . 12 . 4 3 3 3 . 1 1 1 1 . 1 1 6 2 1 4 6 7 2 5 1 7 2 8 Artifact 6 | . . . . . . . . . . . . . . . . . . . . . . . . . . . . . . . . . . . 1 1 3 1 . Weapon 186 | . 9 1 17 . 3 6 14 9 2 4 . . 8 16 . 3 6 . 3 2 1 . . . . . . 11 3 . 2 . 5 1 21 6 8 17 8 Energy Gun 3 | . 1 . . . . . . . . . . . . 1 . . . . . . . . . . . . . 1 . . . . . . . . . . . Energy Cannon 39 | . . . . . . . . . . . . . . 3 . . . . . . . . . . . . . . . . . . 3 1 12 3 4 9 4 Ballistic Gun 64 | . 4 1 13 . 1 2 10 6 2 2 . . 5 6 . . . . . . . . . . . . . 2 . . 1 . . . . 1 3 2 3 Ballistic Cannon 1 | . . . . . . . . . . . . . . . . . . . . . . . . . . . . . . . . . . . 1 . . . . Launcher 31 | . 4 . 3 . . 4 4 3 . . . . . 3 . 1 4 . . . . . . . . . . . . . . . 2 . 3 . . . . Special Weapon 15 | . . . . . 1 . . . . . . . 1 . . . . . . . . . . . . . . 8 3 . . . . . . . 1 1 . Impact Weapon 14 | . . . . . . . . . . . . . 2 . . . 1 . . . . . . . . . . . . . . . . . 5 2 . 4 . Slashing Weapon 6 | . . . . . 1 . . . . 1 . . . . . . . . 3 . . . . . . . . . . . . . . . . . . 1 . Piercing Weapon 11 | . . . . . . . . . . 1 . . . 3 . 2 1 . . 2 1 . . . . . . . . . . . . . . . . . 1 Special Melee Weapon 2 | . . . 1 . . . . . . . . . . . . . . . . . . . . . . . . . . . 1 . . . . . . . . Unidentified Prototypes 27 | . . . . . . . . . . . . . . 6 . . . . . . . . . 1 . . . 1 . . . . 3 2 4 4 . 4 2 Corrupted Parts 7 | . . 1 . . . . . . . . . . . 1 . . . . . . . . . . . . . . . . . . . . . 1 1 1 2 System Corruption 43 | . . 4 . . . . . . . . . . . 10 . . . . . . . . . . . . . . . . . . . . . 11 10 5 3 Parts Lost 132 | . 1 . 1 . . 1 6 6 . . . . . 12 . 5 7 . 5 2 1 2 . . . . . 20 1 2 . . 5 . 9 3 10 9 24 Power 12 | . . . . . . 1 . 1 . . . . . 1 . . . . . . . . . . . . . 3 . . . . . . 1 . 2 . 3 Propulsion 21 | . . . . . . . 2 . . . . . . 2 . 1 1 . . . . . . . . . . 4 . 1 . . . . . . 2 2 6 Utility 64 | . . . 1 . . . 1 3 . . . . . 7 . 3 3 . 3 1 1 1 . . . . . 8 1 1 . . 3 . 5 3 4 4 11 Weapon 35 | . 1 . . . . . 3 2 . . . . . 2 . 1 3 . 2 1 . 1 . . . . . 5 . . . . 2 . 3 . 2 3 4 Highest Loss Streak 17 | . 1 . 1 . . 1 2 3 . . . . . 11 . 3 4 . 2 2 1 2 . . . . . 9 1 2 . . 2 . 4 2 5 4 17 Average Slot Usage (%) 82 | . 91 100 97 100 100 93 93 79 73 69 69 69 69 68 76 79 77 80 82 80 87 84 88 88 88 88 79 80 84 85 81 85 84 80 78 72 81 75 75 Engine 1 | . 14 14 10 5 . . 8 5 . . . . . . 7 . . . . . . . . . . . . . . . . . . . . . . . . Reactor 4 | . . . . . . . . . 6 7 7 7 7 5 . 6 6 6 5 5 5 4 5 5 5 5 5 4 4 5 4 4 4 6 7 8 7 8 11 Treads 3 | . 21 28 13 11 11 11 9 7 7 7 7 7 7 7 1 . . . . . . . . . . . . . . . . 2 4 . . . . . 7 Leg 11 | . . . . . . . . . . . . . . . 12 18 18 20 18 20 17 17 17 17 17 21 21 19 19 17 14 10 9 13 13 12 20 20 7 Wheel 1 | . . . 8 11 11 11 8 7 . . . . . . . . . . . . . . . . . . . . . . . . . . . . . . . Device 11 | . 12 14 5 7 . . 2 6 7 7 7 7 7 6 10 9 5 6 6 10 14 13 16 16 17 14 9 11 13 14 14 20 20 21 20 14 17 13 14 Storage 11 | . 14 14 11 14 22 22 15 7 7 7 7 7 7 8 11 13 13 13 13 13 11 11 11 11 11 10 10 13 15 15 10 9 10 12 9 8 9 8 7 Processor 7 | . . . 5 . . . . 7 7 7 7 7 7 7 7 6 3 6 13 13 11 11 11 11 11 10 10 10 10 10 10 9 7 4 6 4 8 9 11 Protection 7 | . . . 8 11 11 11 22 12 11 7 7 7 7 9 . 3 16 12 5 2 7 5 4 5 5 9 6 4 5 5 10 11 11 8 7 7 3 5 4 Energy Cannon 6 | . . . . . . . . . . . . . . 1 6 13 11 13 7 8 11 10 11 11 11 10 10 8 12 12 10 14 13 13 10 6 6 2 4 Ballistic Gun 7 | . 21 14 30 22 22 27 25 22 23 18 23 23 21 18 8 . . . . . . . . . . . . . . . . . . . . . . 1 2 Piercing Weapon 1 | . . . . . . . . . . 3 . . . 1 7 5 . . . 5 5 5 5 5 5 5 5 . . . . . . . . . . . 2 Naked Turns . | . . . . . . . . . . . . . . . . . . . . . . . . . . . . . . . . . . . . . . . . Heaviest Build 185 | 10 30 34 104 104 104 105 121 45 53 52 53 52 52 54 48 129 142 127 123 123 125 125 125 129 124 129 155 157 145 139 147 149 150 163 184 184 157 156 185 Greatest Support 182 | 40 40 40 40 12 12 12 12 12 70 70 70 70 70 70 60 80 80 80 88 88 88 88 88 88 85 110 110 110 100 100 80 100 100 180 182 160 160 165 180 Greatest Overweight (x) 47 | . 1 1 8 8 8 8 10 3 3 . . . . 6 . 2 2 1 1 1 1 1 1 1 1 1 1 2 1 2 47 1 2 1 1 1 1 1 2 Average Overweight (x) 2 | . . . 5 8 8 8 8 2 . . . . . . . 1 1 1 1 1 1 1 1 1 1 1 1 . 1 1 19 1 1 . . . . . . Largest Inventory Capacity 25 | 8 15 15 25 25 25 25 25 25 25 25 25 25 25 25 25 25 20 20 20 20 20 20 20 20 20 20 20 20 20 20 20 20 20 20 20 20 20 20 20 Average Capacity 21 | 8 12 15 22 25 25 25 25 25 25 25 25 25 25 25 25 21 20 20 20 20 20 20 20 20 20 20 20 20 20 20 20 20 20 20 20 20 17 20 19 Most Carried 25 | 5 10 15 25 25 25 22 25 25 25 25 25 25 25 25 25 25 20 20 20 20 20 20 18 20 20 20 20 20 19 20 20 20 20 20 20 20 20 20 20 Average Carried 19 | 3 6 11 21 24 23 22 21 24 24 24 24 25 25 23 24 20 14 18 19 19 19 17 17 19 20 19 19 12 17 18 18 19 19 19 18 19 15 15 18 Final Capacity 25 | 8 15 15 25 25 25 25 25 25 25 25 25 25 25 25 25 20 20 20 20 20 20 20 20 20 20 20 20 20 20 20 20 20 20 20 20 20 20 20 5 Final Carried 25 | 2 9 15 25 25 22 22 25 24 25 25 25 25 25 25 25 20 15 20 20 20 20 17 18 20 20 20 20 14 18 19 20 20 19 20 20 19 20 17 5 Class Distribution -------------------- 29% | Golem 15% | Mutant 11% | Scavenger-Mutant 10% | Generator-Mutant 8% | Tank 5% | Scavenger-Tank 4% | Generator-Golem 3% | Scavenger-Skirmisher Dominant Class ---------------- Mutant | -10/Materials Mutant | -10/Mines Tank | -9/Materials Trapper-Mutant | -9/Mines Mutant | -9/Exiles Tank | -8/Mines Scavenger-Tank | -8/Materials Scavenger-Tank | -7/Factory Scavenger-Tank | -7/Waste Scavenger-Mutant | -7/Factory Scavenger-Skirmisher | -7/Lower Caves Scavenger-Skirmisher | -7/Lower Caves Scavenger-Mutant | -7/Zion Scavenger-Tank | -7/Deep Caves Golem | -6/Proximity Caves Golem | -6/Factory Golem | -6/Lower Caves Mutant | -6/Lower Caves Golem | -6/Data Miner Golem | -5/Proximity Caves Golem | -5/Factory Golem | -5/Upper Caves Golem | -5/Upper Caves Assassin | -5/Warlord Assassin | -4/Proximity Caves Mutant | -4/Factory Mutant | -4/Waste Golem | -4/Factory Golem | -4/Extension Golem | -4/Cetus Scavenger-Mutant | -4/Archives Mutant | -3/Research Golem | -3/Testing Generator-Golem | -2/Research Generator-Mutant | -2/Quarantine Generator-Mutant | -2/Section 7 Generator-Mutant | -2/Garrison Generator-Mutant | -1/Access Generator-Mutant | -1/Command Resources | -11 -10 -10 -9 -9 -9 -8 -8 -7 -7 -7 -7 -7 -7 -7 -6 -6 -6 -6 -6 -5 -5 -5 -5 -5 -4 -4 -4 -4 -4 -4 -4 -3 -3 -2 -2 -2 -2 -1 -1 ----------- Run | Scr Mat Min Mat Min Exi Min Mat Fac Was Fac Low Low Zio Dee Pro Fac Low Low Dat Pro Fac Upp Upp War Pro Fac Was Fac Ext Cet Arc Res Tes Res Qua Sec Gar Acc Com Matter Collected 15053 | 200 301 124 1547 70 40 252 810 744 390 72 98 53 50 1474 175 227 328 85 199 64 86 40 30 . 70 . 81 264 234 28 254 170 252 265 1187 765 1678 1297 1049 Remotely . | . . . . . . . . . . . . . . . . . . . . . . . . . . . . . . . . . . . . . . . . Salvage Created 38877 | . 427 54 1687 70 188 529 1338 889 . 74 102 . . 2983 166 1397 1157 . 388 452 956 209 324 . 217 229 1061 3309 1681 419 637 812 1706 416 3651 2249 1993 3141 3966 Parts 1626 | . 31 3 116 9 14 36 91 43 . 5 2 . . 36 1 67 44 . 16 19 48 8 10 . 8 16 16 143 62 20 32 49 89 11 167 68 71 117 158 Haulers Intercepted 20 | . 2 . 6 . . . 4 1 . . . . . . . 1 . . . . . . . . . . . 2 . . . . . 4 . . . . . Recyclers Shooed 7 | . . . . . . . . . . . . . . . . 3 . . . . . . . . . . . 2 . . . 1 . . . . . 1 . Parts Field Recycled . | . . . . . . . . . . . . . . . . . . . . . . . . . . . . . . . . . . . . . . . . Retrieved Matter . | . . . . . . . . . . . . . . . . . . . . . . . . . . . . . . . . . . . . . . . . Parts Self-Destructed 171 | . . . . . . . . . . . 3 8 3 . 1 . 34 . . 19 . 13 13 61 16 . . . . . . . . . . . . . . Prevented 18 | . . . . . . . . . . . . . . . . . 11 1 . . . 1 1 4 . . . . . . . . . . . . . . . Kills | -11 -10 -10 -9 -9 -9 -8 -8 -7 -7 -7 -7 -7 -7 -7 -6 -6 -6 -6 -6 -5 -5 -5 -5 -5 -4 -4 -4 -4 -4 -4 -4 -3 -3 -2 -2 -2 -2 -1 -1 ------- Run | Scr Mat Min Mat Min Exi Min Mat Fac Was Fac Low Low Zio Dee Pro Fac Low Low Dat Pro Fac Upp Upp War Pro Fac Was Fac Ext Cet Arc Res Tes Res Qua Sec Gar Acc Com Combat Hostiles Destroyed 611 | . 11 3 28 6 3 16 28 23 . 1 . . . 68 . 18 22 . 4 9 15 5 5 . 2 3 4 71 33 10 4 15 30 . 47 23 26 31 47 Melee 18 | . . . . . 3 . . . . 1 . . . 3 . . . . 3 . . . . . . . . 2 1 . . . . . . . . 5 . Guns 103 | . 8 . 23 . . 5 14 12 . . . . . 18 . . . . . . . . . . . . . 1 . . . . . . . 2 10 6 4 Cannons 251 | . . . . . . . . . . . . . . . . 16 16 . 1 9 11 5 5 . 2 3 4 32 15 5 4 15 25 . 32 10 6 4 31 AOE 170 | . 3 3 5 6 . 11 14 11 . . . . . 37 . 2 6 . . . 4 . . . . . . 36 17 5 . . 5 . 5 . . . . Classes Destroyed 31 | . 5 . 5 . 1 1 1 3 . . 1 . . 4 . . . . . . . . . . . . 1 4 1 . . . . . 3 . 1 . . Worker 30 | . 2 . 1 1 . 1 4 1 . . . . . . . 2 . . . . 1 . . . . . . 7 . . . . 2 . 1 1 . 5 1 Builder 23 | . . . 2 . . 1 3 2 . . . . . . . 3 . . . . . . . . . . . 9 2 . . . 1 . . . . . . Tunneler 1 | . . . 1 . . . . . . . . . . . . . . . . . . . . . . . . . . . . . . . . . . . . Hauler 20 | . 2 . 6 . . . 4 1 . . . . . . . 1 . . . . . . . . . . . 2 . . . . . 4 . . . . . Recycler 25 | . . . 5 . . 1 2 . . . . . . . . 1 . . . . 1 . . . . . . 3 1 . . . 2 . 1 3 . 3 2 Mechanic 6 | . . . . . . . . . . . . . . . . . . . . . . . . . . . . 1 3 . . . 1 . 1 . . . . Operator 19 | . 1 . 1 . . . . . . . . . . . . 2 . . . . . . . . . . . . 1 . 8 . . . . 1 . 2 3 Watcher 25 | . . . 3 . . . 1 . . . . . . . . 1 . . . . . . . . . . . 4 1 1 . 1 1 . 2 1 . 6 3 Swarmer 84 | . 6 2 10 4 . 7 4 6 . . . . . . . . 5 . . 4 . 3 1 . . . . 4 3 3 . 9 . . 8 . . . 5 Cutter 6 | . . . . . . . . . . . . . . . . . . . . . . . . . . . . 3 . . . . . . . 3 . . . Saboteur 5 | . . . . . . . . . . . . . . . . . . . . . . . . . . . . 1 1 . . . . . . . 2 . 1 Grunt 198 | . 5 1 11 2 1 8 17 8 . . . . . . . 8 12 . . . 9 1 3 . 1 . . 33 15 3 . . 13 . 2 9 9 8 19 Brawler 12 | . . . . . . . . 1 . . . . . . . 1 2 . . 1 . . 1 . . . . 3 2 . . . 1 . . . . . . Duelist 16 | . . . . . . 1 1 . . . . . . . . . 1 . . 1 1 . . . 1 . . 2 1 . . . . . . 1 4 . 2 Protector 3 | . . . . . . . . . . . . . . . . . . . . . . . . . . . . 1 . . . . 1 . 1 . . . . Researcher 1 | . . . . . . . . . . . . . . . . . . . . . . . . . . . . . . . . . . . 1 . . . . Sentry 47 | . . . 7 . . . 4 2 . 1 . . . . . 3 2 . . 1 1 1 . . 1 . . 2 4 . 4 2 . . . 3 4 2 3 Demolisher 1 | . . . . . . . . . . . . . . . . . . . . . . . . . . . . . 1 . . . . . . . . . . Specialist 11 | . . . . . . . . 2 . . . . . . . 2 . . . . . . . . . . . 4 3 . . . . . . . . . . Hunter 32 | . . . . . 2 . 1 . . . . . . . . . . . . 2 . . . . . 2 . 6 2 . . . 2 . 4 . 2 6 3 Programmer 78 | . . . . . . . . 3 . . . . . . . 3 . . . . 4 . . . . . . 7 . . . 4 11 . 17 3 4 10 12 Heavy 8 | . . . . . . . 1 1 . . . . . . . 1 . . . . . . . . . 1 . 2 . . . . . . . . . 1 1 Q-Series 3 | . . . . . . . . . . . . . . . . . . . . . . . . . . . . . . . . . . . 3 . . . . Behemoth 2 | . . . . . . . . . . . . . . . . . . . . . . . . . . . . . . . . . . . . . 1 . 1 Compactor 4 | . . . . . . . . . . . . . . . . . . . . . . . . . . . 4 . . . . . . . . . . . . Cetus Guard 4 | . . . . . . . . . . . . . . . . . . . . . . . . . . . . . . 4 . . . . . . . . . Enhanced Grunt 4 | . . . . . . . . . . . . . . . . . . . 4 . . . . . . . . . . . . . . . . . . . . Lightning 3 | . . . . . . . . . . . . . . . . . . . . . . . . . . . . . . . . . . . 3 . . . . Tracker 10 | . . . . . . . . . . . . . . . . . . . . . . . . . . . . 1 . . . . 1 . 4 2 . 2 . Combat Programmer 10 | . . . . . . . . . . . . . . . . . . . . . . . . . . . . 1 . . . . 1 . 4 2 . 2 . Fortress 1 | . . . . . . . . . . . . . . . . . . . . . . . . . . . . . . . . . . . 1 . . . . Z-Light 7 | . . . . . . . . . . . . . . 7 . . . . . . . . . . . . . . . . . . . . . . . . . Packrat 1 | . . . . . . . . . . . . . . . . . . . . . . . 1 . . . . . . . . . . . . . . . . Samaritan 1 | . . . . . . . . . . . 1 . . . . . . . . . . . . . . . . . . . . . . . . . . . . Assembler 2 | . . . . . . . . . . . . . . 2 . . . . . . . . . . . . . . . . . . . . . . . . . Assembled 38 | . . . . . . . . . . . . . . 38 . . . . . . . . . . . . . . . . . . . . . . . . . Golem 23 | . . . . . . . . . . . . . . 23 . . . . . . . . . . . . . . . . . . . . . . . . . Thug 3 | . . . . . . . . . . . 1 . . . . . . . . . . . . . . . . 1 1 . . . . . . . . . . Best Kill Streak 37 | . 5 2 9 5 2 8 11 10 . 1 . . . 37 . 6 5 . 2 4 6 3 3 . 2 2 2 14 11 11 3 7 8 2 6 8 8 7 16 Combat Bots Only 35 | . 4 2 7 4 2 6 10 7 . 1 . . . 35 . 3 5 . 2 4 4 3 3 . 2 2 2 11 9 10 2 7 7 . 6 7 8 6 13 Max Kills in Single Turn 11 | . 1 2 2 2 1 4 5 4 . 1 1 . . 11 . 5 2 . 1 1 6 1 1 . 1 1 1 5 5 4 1 1 5 1 2 2 1 2 1 Gunslinging 1 | . . . 1 . . . . . . . . . . . . . . . . . . . . . . . . . . . . . . . . . . . . Exploded 11 | . 1 2 2 2 . 4 4 4 . . . . . 11 . 2 2 . . . 4 . . . . . . 4 4 3 . . 3 . 2 . . . . Melee 1 | . . . . . 1 . . . . 1 . . . 1 . . . . 1 . . . . . . . . 1 1 . . . . . . . . 1 . Uniques/NPCs Destroyed 1 | . . . . . . . . . . . . . . 1 . . . . . . . . . . . . . . . . . . . . . . . . . Z-Imprinter (-7/Deep Caves) Combat | -11 -10 -10 -9 -9 -9 -8 -8 -7 -7 -7 -7 -7 -7 -7 -6 -6 -6 -6 -6 -5 -5 -5 -5 -5 -4 -4 -4 -4 -4 -4 -4 -3 -3 -2 -2 -2 -2 -1 -1 -------- Run | Scr Mat Min Mat Min Exi Min Mat Fac Was Fac Low Low Zio Dee Pro Fac Low Low Dat Pro Fac Upp Upp War Pro Fac Was Fac Ext Cet Arc Res Tes Res Qua Sec Gar Acc Com Damage Taken 49384 | . 442 47 1007 159 . 306 1394 1481 . 84 25 . . 4073 . 1567 1794 . 2206 1119 777 599 73 46 55 216 . 6037 1246 571 335 1069 2121 . 5571 1403 2169 2816 8576 Core 5002 | . 63 19 104 32 . 10 110 204 . 13 . . . 148 . 141 141 . 286 98 134 103 . 26 . 18 . 390 181 18 25 124 126 . 728 80 159 107 1414 Absorbed by Shields 4362 | . . . . . . . . . . . . . . . . . . . . . . . . . 52 144 . . . . . . . . 1557 1175 1115 . 319 Reduced by Siege Mode 232 | . . . . . . . . . . . . . . 75 . . . . . . . . . . . . . . . . . 31 9 . . . . . 117 Redirected to Core 398 | . . . . . . . . . . . . . . . . . . . . . . . . . . . . . . . . . . . 398 . . . . Core Remaining (%) 60 | 100 . 67 . . . 63 80 . . . . . . . 47 . . . . 21 . . . . 73 . . . . . 45 . 80 . . . 28 . . Volleys Fired 1894 | . 62 2 89 5 4 17 66 58 . . 6 . . 78 . 74 41 2 6 30 40 26 7 9 10 22 29 170 55 19 55 58 91 16 216 107 113 95 216 Largest 3 | . 2 1 3 1 1 3 3 3 . . 3 . . 3 . 2 3 2 2 2 2 2 2 1 2 2 2 3 3 2 3 3 3 3 3 1 2 1 2 Hottest 200 | . 60 30 75 30 20 78 79 84 . . 81 . . 132 . 50 75 50 50 50 50 50 50 25 50 50 50 99 75 50 75 75 100 170 200 70 95 70 155 Shots Fired 3096 | . 117 2 256 5 4 39 158 145 . . 18 . . 218 1 141 74 5 14 49 59 28 14 9 19 31 58 266 110 36 78 87 159 33 330 102 121 94 216 Gun 1043 | . 113 . 251 . . 33 141 132 . . 18 . . 182 1 . . . . . . . . . . . . 15 . . 24 . . . . 16 57 38 22 Cannon 1882 | . . . . . . . . . . . . . . 10 . 140 64 5 14 49 59 28 14 9 19 31 58 204 100 33 54 87 157 33 325 86 64 45 194 Launcher 96 | . 4 2 5 5 . 6 17 13 . . . . . 26 . 1 10 . . . . . . . . . . . . . . . 2 . 5 . . . . Special 75 | . . . . . 4 . . . . . . . . . . . . . . . . . . . . . . 47 10 3 . . . . . . . 11 . Kinetic 953 | . 77 . 251 . . 33 141 132 . . 18 . . 136 1 . . . . . . . . . . . . 7 . . 24 . . . . 16 57 38 22 Thermal 1740 | . 36 . . . 4 . . . . . . . . 46 . 140 64 5 14 49 59 28 14 9 19 31 58 212 100 33 54 87 157 33 302 37 15 . 134 Explosive 133 | . 4 2 5 5 . 6 17 13 . . . . . 16 . 1 2 . . . . . . . . . . 47 10 3 . . 2 . . . . . . Electromagnetic 259 | . . . . . . . . . . . . . . 20 . . 8 . . . . . . . . . . . . . . . . . 28 49 49 45 60 Robot Hit Streak 47 | . 20 4 14 1 5 7 12 11 . . 13 . . 17 . 15 12 . 14 16 10 4 7 . 9 9 36 18 17 14 26 16 19 8 28 15 47 29 41 Robot Miss Streak 10 | . 3 . 4 2 . 2 6 7 . . 4 . . 7 . 4 2 . . 3 3 4 1 . 1 2 3 3 3 2 4 3 2 1 10 2 1 2 2 Penetration Max 1 | . . . . . . 1 1 1 . . 1 . . 1 . . . . . . . . . . . . . . . . . . . . 1 1 1 1 1 Secondary Targets 9 | . . . 6 . . 1 . . . . . . . 2 . . . . . . . . . . . . . . . . . . . . . . . . . Max Gunslinging Chain 1 | . . . 1 . . 1 . . . . . . . 1 . . . . . . . . . . . . . . . . . . . . . . . . . Capacitor 237 | . . . . . . . . . . . . . . . . . . . . . . . . . . . . . . . . . . . . . . 45 192 Autonomous 47 | . . . . . . . . . . . . . . 47 . . . . . . . . . . . . . . . . . . . . . . . . . Shots Hit Robots 2158 | . 77 1 146 2 8 24 95 107 . 2 14 . . 176 7 92 41 . 37 33 37 14 7 . 13 11 52 168 67 27 65 46 98 10 218 71 92 115 185 Core Hits 1542 | . 34 3 63 13 5 27 80 89 . 2 12 . . 361 4 38 35 . 16 11 19 5 6 . 6 6 9 161 74 19 23 21 60 4 92 39 57 58 90 Critical Kills 10 | . . . 1 . . . 2 . . . 1 . . . . . . . . . . . . . . . . . . . . . . . 2 . . . 4 Critical Parts Destroyed 7 | . 1 . 2 . . . 1 2 . . . . . . . . . . . . . . . . . . . . . . . . . . . . . 1 . Critical Strikes 62 | . 1 . 4 . . . 3 2 . . 1 . . . . . . . 1 . . . . . . . . 5 1 1 . . . . 5 4 9 13 12 Meltdown 6 | . . . . . . . . . . . . . . . . . . . . . . . . . . . . . . . . . . . 2 . . . 4 Destroy 12 | . 1 . 4 . . . 3 2 . . 1 . . . . . . . . . . . . . . . . . . . . . . . . . . 1 . Corrupt 34 | . . . . . . . . . . . . . . . . . . . . . . . . . . . . . . . . . . . 3 4 9 10 8 Sever 10 | . . . . . . . . . . . . . . . . . . . 1 . . . . . . . . 5 1 1 . . . . . . . 2 . Melee Attacks 182 | . . . . . 4 . . . . 8 . . 22 29 7 . . . 50 . . . . 4 . . . . . . 3 . . . 11 2 . 42 . Kinetic 33 | . . . . . . . . . . . . . . . . . . . . . . . . . . . . . . . . . . . 11 2 . 20 . Impact 22 | . . . . . . . . . . . . . 22 . . . . . . . . . . . . . . . . . . . . . . . . . . Slashing 77 | . . . . . 4 . . . . 1 . . . . . . . . 50 . . . . . . . . . . . . . . . . . . 22 . Piercing 47 | . . . . . . . . . . 7 . . . 29 7 . . . . . . . . 4 . . . . . . . . . . . . . . . Sneak Attacks 12 | . . . . . 4 . . . . . . . . . . . . . 1 . . . . . . . . . . . 3 . . . . . . 4 . Combat Hostiles 4 | . . . . . 4 . . . . . . . . . . . . . . . . . . . . . . . . . . . . . . . . . . Follow-up Attacks 5 | . . . . . . . . . . . . . . . . . . . 5 . . . . . . . . . . . . . . . . . . . . Damage Inflicted 120742 | . 869 255 2916 275 417 1132 3393 3314 . 54 365 . . 8859 479 4761 2562 . 1395 1661 2901 812 417 . 936 556 2733 18939 8242 2514 2752 2402 7802 463 11177 3868 5067 7195 9259 Guns 17771 | . 650 . 2563 . . 390 1696 2121 . . 365 . . 3584 . . . . . . . . . . . . . 184 . . 537 . . . . 470 2501 1610 1100 Cannons 64357 | . . . . . . . . . . . . . . 175 . 4249 1765 . 385 1661 2073 812 417 . 936 556 2733 6193 3100 1394 2166 2402 5361 463 10601 3334 2383 3039 8159 Explosions 30595 | . 219 255 353 275 . 742 1697 1193 . . . . . 4380 . 512 797 . . . 828 . . . . . . 10600 4661 1058 . . 2440 . 402 . 183 . . Melee 5350 | . . . . . 371 . . . . 54 . . . 720 479 . . . 1010 . . . . . . . . . . . . . . . 174 64 . 2478 . Ramming 129 | . . . . . . . . . . . . . . . . . . . . . . . . . . . . 11 . . 49 . 1 . . . . 68 . Kinetic 17121 | . 444 . 2563 . . 390 1696 2121 . . 365 . . 2490 . . . . . . . . . . . . . 126 . . 537 . . . 174 534 2501 2080 1100 Thermal 58149 | . 206 105 . . 46 51 . 423 . . . . . 1094 . 4629 1765 . 385 1661 2901 812 417 . 936 556 2733 6251 3736 1394 2166 2402 5361 463 10250 1261 714 . 5431 Explosive 25962 | . 219 150 353 275 . 691 1697 770 . . . . . 3206 . 132 346 . . . . . . . . . . 10600 4025 1058 . . 2440 . . . . . . Electromagnetic 12245 | . . . . . . . . . . . . . . 1349 . . 451 . . . . . . . . . . . . . . . . . 753 2073 1852 3039 2728 Impact . | . . . . . . . . . . . . . . . . . . . . . . . . . . . . . . . . . . . . . . . . Slashing 5883 | . . . . . 371 . . . . . . . . . . . . . 1010 . . . . . . . . 1951 481 62 . . . . . . . 2008 . Piercing 1253 | . . . . . . . . . . 54 . . . 720 479 . . . . . . . . . . . . . . . . . . . . . . . . Highest Corruption 54 | . . 4 . . . . . 3 3 3 2 . . 10 10 11 20 20 20 20 1 1 1 1 . . 4 8 8 8 8 . 11 . 22 36 54 10 19 Average Corruption 13 | . . 4 . . . . . 2 3 2 1 . . 10 10 6 19 20 20 20 1 1 1 1 . . 4 4 8 8 7 . 6 . 14 25 44 6 15 Corruption Purged 13 | . . . . . . . . . . 1 2 . . . . . . . . . . . . . . . . . . . 8 . 2 . . . . . . Effects 904 | . . . . . . . . 11 9 12 . . . 16 38 30 90 47 62 56 . 5 . . . . 5 51 64 9 20 . 18 . 102 55 108 17 79 Message Errors 241 | . . . . . . . . 4 4 1 . . . 6 11 10 19 13 17 20 . 1 . . . . 2 15 16 4 4 . 7 . 25 16 26 2 18 Matter Fused 204 | . . . . . . . . 2 3 2 . . . 4 9 4 24 14 12 14 . . . . . . 2 10 19 1 3 . 4 . 23 5 25 7 17 Heat Flow Errors 109 | . . . . . . . . 4 . 3 . . . 2 5 2 11 4 9 4 . . . . . . 1 10 8 . 4 . 1 . 15 6 10 2 8 Energy Discharges 109 | . . . . . . . . . 1 3 . . . 2 2 4 8 6 4 8 . 2 . . . . . 5 12 1 4 . 4 . 9 4 14 2 14 Parts Rejected 10 | . . . . . . . . . . . . . . . . 1 . . . . . . . . . . . 2 . . 1 . . . 3 2 1 . . Data Loss (minor) 106 | . . . . . . . . . 1 3 . . . . 8 5 13 6 6 3 . 2 . . . . . 7 6 2 1 . 2 . 12 7 13 2 7 Data Loss (major) 33 | . . . . . . . . . . . . . . . 2 2 3 1 5 1 . . . . . . . . 2 . 2 . . . 6 1 4 1 3 Misfires 25 | . . . . . . . . . . . . . . . 1 1 4 2 4 2 . . . . . . . 1 . 1 . . . . 1 2 2 . 4 Alerts 13 | . . . . . . . . . . . . . . 1 . . 1 . 3 . . . . . . . . . . . . . . . 2 1 4 . 1 Misdirections 11 | . . . . . . . . . . . . . . . . . 1 . 2 1 . . . . . . . . . . . . . . 1 4 1 . 1 Weapon Failures 43 | . . . . . . . . 1 . . . . . 1 . 1 6 1 . 3 . . . . . . . 1 1 . 1 . . . 5 7 8 1 6 Overload Shots 1 | . . . . . . . . . . . . . . . . . . . . . . . . . . . . . . . . . . . 1 . . . . Effects 1 | . . . . . . . . . . . . . . . . . . . . . . . . . . . . . . . . . . . 1 . . . . Meltdown 1 | . . . . . . . . . . . . . . . . . . . . . . . . . . . . . . . . . . . 1 . . . . Overflow Damage 5599 | . 7 17 41 . . . . 73 . . . . . 263 130 241 28 . 118 77 263 123 . . . 15 2 504 248 2 166 230 792 46 656 213 69 866 409 Projectiles 3401 | . . . . . . . . . . . . . . . . 238 28 . . 77 212 123 . . . 15 2 239 84 . 163 230 341 46 656 213 69 256 409 Explosions 1247 | . 7 17 41 . . . . 73 . . . . . 173 . 3 . . . . 51 . . . . . . 265 164 2 . . 451 . . . . . . Melee 951 | . . . . . . . . . . . . . . 90 130 . . . 118 . . . . . . . . . . . 3 . . . . . . 610 . Knockbacks 1 | . . . . . . . . . . . . . . . . . . . . . . . . . . . . . . . 1 . . . . . . . . Impact 1 | . . . . . . . . . . . . . . . . . . . . . . . . . . . . . . . 1 . . . . . . . . Kinetic . | . . . . . . . . . . . . . . . . . . . . . . . . . . . . . . . . . . . . . . . . Secondary . | . . . . . . . . . . . . . . . . . . . . . . . . . . . . . . . . . . . . . . . . Self-Inflicted Damage 816 | . . . 16 53 . . 47 204 . . . . . 184 . 136 98 . . . 39 . . . . . . . . . . . . . 39 . . . . Shots 26 | . . . 1 3 . . 3 5 . . . . . 3 . 2 2 . . . 1 . . . . . . . . . . . . . 6 . . . . Rammed . | . . . . . . . . . . . . . . . . . . . . . . . . . . . . . . . . . . . . . . . . Targets Rammed 9 | . . . . . . . . . . . . . . . . . . . . . . . . . . . . 2 . . 4 . 1 . . . . 2 . Kicked 9 | . . . . . . . . . . . . . . . . . . . . . . . . . . . . 2 . . 4 . 1 . . . . 2 . Crushed . | . . . . . . . . . . . . . . . . . . . . . . . . . . . . . . . . . . . . . . . . Highest Temperature 473 | . 64 . 267 13 . 109 334 194 . 259 36 . . 297 265 267 270 261 273 257 10 . . 1 3 . 248 280 247 . 179 . 176 180 360 473 316 321 213 Average Temperature 86 | . 24 . 79 11 . 38 103 46 . 119 20 . . 105 107 91 80 111 103 106 10 . . 1 2 . 92 75 88 . 74 . 37 80 120 120 102 89 66 Received Heat Transfer 6094 | . 198 . 324 30 . 108 360 294 . 9 . . . 728 . 315 516 . 288 . 216 9 27 21 10 . . 1136 258 18 45 27 201 . 49 213 157 81 456 Effects 15 | . . . 1 . . . 2 . . . . . . 6 . 1 . . . . . . . . . . . . . . . . . . . 3 . 2 . Shutdowns 1 | . . . . . . . . . . . . . . . . . . . . . . . . . . . . . . . . . . . . 1 . . . Energy Bleed 5 | . . . 1 . . . 2 . . . . . . 1 . 1 . . . . . . . . . . . . . . . . . . . . . . . Interference 9 | . . . . . . . . . . . . . . 5 . . . . . . . . . . . . . . . . . . . . . 2 . 2 . Siege Activations 18 | . . . . . . . . . . . . . . 4 . . . . . . . . . . . . . . . . 1 1 3 . . . . . 9 Total Turns 435 | . . . . . . . . . . . . . . 76 . . . . . . . . . . . . . . . . 37 83 53 . . . . . 186 Longest Duration 83 | . . . . . . . . . . . . . . 27 . . . . . . . . . . . . . . . . 37 83 30 . . . . . 53 Robots Corrupted 56 | . . . . . . . . . . . . . . 10 . . . . . . . . . . . . . . . . . . . . 2 10 10 14 10 Combat Hostiles 53 | . . . . . . . . . . . . . . 10 . . . . . . . . . . . . . . . . . . . . 2 10 10 12 9 Parts Fried 111 | . . . . . . . . . . . . . . . . . 3 . . . . . 1 . . . . . . . . . . . 8 24 16 28 31 Impact Corruptions 2 | . . . . . . . . . . . . . . . . . . . . . . . . . . . . . . . 1 . . . . . . 1 . Robots Melted 7 | . . . . . . . . . . . . . . . . . . . . . . . . . . . . . . . . . . . 2 . . . 5 Combat Hostiles 5 | . . . . . . . . . . . . . . . . . . . . . . . . . . . . . . . . . . . 2 . . . 3 Parts Melted 50 | . . . 1 . 1 . . . . . . . . . . 5 1 . . 1 2 . . . . . . 5 2 . . 1 3 . 5 3 . . 20 Heat Transferred 32878 | . 475 100 . . 148 50 . 350 . . . . . 1406 . 2650 975 . 300 850 1400 375 175 . 349 300 1350 3211 1975 675 1075 1200 2739 310 5509 525 336 . 4070 Parts Sabotaged 3 | . . . . . . . . . . . . . . . . . . . . . . . . . . . . 1 1 . . . . . . 1 . . . Parts Stolen . | . . . . . . . . . . . . . . . . . . . . . . . . . . . . . . . . . . . . . . . . Parts Stripped . | . . . . . . . . . . . . . . . . . . . . . . . . . . . . . . . . . . . . . . . . Power Chain Reactions 2 | . . . . . . . . . . . . . . . . . . . . . . . . . . . . . . . . . . . 1 . 1 . . Missiles Intercepted . | . . . . . . . . . . . . . . . . . . . . . . . . . . . . . . . . . . . . . . . . Alert | -11 -10 -10 -9 -9 -9 -8 -8 -7 -7 -7 -7 -7 -7 -7 -6 -6 -6 -6 -6 -5 -5 -5 -5 -5 -4 -4 -4 -4 -4 -4 -4 -3 -3 -2 -2 -2 -2 -1 -1 ------- Run | Scr Mat Min Mat Min Exi Min Mat Fac Was Fac Low Low Zio Dee Pro Fac Low Low Dat Pro Fac Upp Upp War Pro Fac Was Fac Ext Cet Arc Res Tes Res Qua Sec Gar Acc Com Peak Influence 2377 | . 300 230 459 242 . 462 844 989 334 737 . . . . . 316 . . . . 467 . . . . 171 24 2377 1931 1358 732 358 923 547 1101 1079 1827 1103 1449 Initial 1164 | . . 48 89 82 . . 180 383 334 93 . . . . . . . . . . . . . . . 76 18 16 1164 1080 543 3 201 471 218 599 787 1096 492 Average 490 | . 133 193 196 62 . 269 614 605 254 596 . . . . . 180 . . . . 137 . . . . 67 22 629 1322 1228 177 104 403 447 512 820 1592 494 934 Maximum Alert Level 5 | . 1 1 2 1 . 2 3 3 1 3 . . . . . 1 . . . . 2 . . . . . . 5 5 4 3 1 3 2 4 3 5 4 4 Low Security (%) 32 | 100 83 26 42 93 . 48 3 . 39 14 . . . . . 44 . . . . 70 . . . . 100 100 15 . . 63 84 3 . 6 . . 7 . Level 1 27 | . 16 73 53 6 . 14 20 16 60 1 . . . . . 55 . . . . 19 . . . . . . 35 . . 21 15 60 49 51 . . 30 . Level 2 12 | . . . 4 . . 36 35 52 . 37 . . . . . . . . . . 9 . . . . . . 20 . . 11 . 19 50 13 13 . 42 7 Level 3 14 | . . . . . . . 40 30 . 47 . . . . . . . . . . . . . . . . . 9 4 40 2 . 16 . 26 86 11 17 73 Level 4 6 | . . . . . . . . . . . . . . . . . . . . . . . . . . . . 6 70 59 . . . . 2 . 18 2 18 Level 5 5 | . . . . . . . . . . . . . . . . . . . . . . . . . . . . 12 24 . . . . . . . 69 . . High Security . | . . . . . . . . . . . . . . . . . . . . . . . . . . . . . . . . . . . . . . . . Max Security . | . . . . . . . . . . . . . . . . . . . . . . . . . . . . . . . . . . . . . . . . Squads Dispatched 141 | . 5 . 6 . . 1 3 5 . 10 . . . . . 14 . . . . 1 . . . . 1 . 23 6 . . 2 10 . 16 8 . 12 18 Investigation 18 | . 2 . 3 . . . . . . 4 . . . . . 2 . . . . . . . . . . . 1 . . . . 1 . . . . . 5 Extermination 31 | . . . . . . . . 2 . . . . . . . 4 . . . . 1 . . . . . . 4 . . . 1 4 . 7 1 . 2 5 Reinforcement 47 | . 3 . 3 . . 1 3 2 . 1 . . . . . 8 . . . . . . . . . 1 . 9 1 . . 1 1 . 1 2 . 4 6 Assault 22 | . . . . . . . . 1 . 2 . . . . . . . . . . . . . . . . . 6 5 . . . 2 . 2 2 . . 2 Garrison 7 | . . . . . . . . . . 3 . . . . . . . . . . . . . . . . . 1 . . . . . . . . . 3 . Intercept 16 | . . . . . . . . . . . . . . . . . . . . . . . . . . . . 2 . . . . 2 . 6 3 . 3 . Construction Impeded 5 | . . . . . . 1 2 . . . . . . . . 1 . . . . . . . . . . . 1 . . . . . . . . . . . Haulers Reinforced 2 | . . . . . . . . . . 1 . . . . . . . . . . . . . . . . . 1 . . . . . . . . . . . Active Scanning Responses 2 | . . . . . . . . . . . . . . . . . . . . . . . . . . . . . . . . . . . . . . . 2 Cargo Convoy Interrupts 1 | . . . . . . . . . . . . . . . . 1 . . . . . . . . . . . . . . . . . . . . . . . Stealth | -11 -10 -10 -9 -9 -9 -8 -8 -7 -7 -7 -7 -7 -7 -7 -6 -6 -6 -6 -6 -5 -5 -5 -5 -5 -4 -4 -4 -4 -4 -4 -4 -3 -3 -2 -2 -2 -2 -1 -1 --------- Run | Scr Mat Min Mat Min Exi Min Mat Fac Was Fac Low Low Zio Dee Pro Fac Low Low Dat Pro Fac Upp Upp War Pro Fac Was Fac Ext Cet Arc Res Tes Res Qua Sec Gar Acc Com Distress Signals 27 | . . . 3 . . . 3 1 . 1 . . . . . . . . . . . . . . . . . . 2 1 . . 1 4 1 2 . 7 1 Communications Jammed 158 | . . . . . . . 9 6 . . . . . . . . . . . . . . . . . 2 . 86 1 . . 2 39 . 13 . . . . Distress Signals 131 | . . . . . . . 3 . . . . . . . . . . . . . . . . . . 1 . 73 1 . . 2 38 . 13 . . . . Times Spotted 892 | . 22 3 51 6 . 15 37 31 . 5 1 3 . 91 . 25 23 . 4 9 21 7 6 1 6 4 6 88 60 11 18 17 46 3 77 36 29 50 80 Peak Tracking Total 37 | . 3 2 8 4 . 4 8 5 . 4 1 3 . 37 . 3 9 . 2 4 4 5 3 1 5 2 2 6 8 6 2 5 6 2 10 6 9 8 17 Tactical Retreats 45 | . 3 1 . . . . 1 3 . . . . . 8 . 2 1 . . . 2 . . . . . . 5 . 1 . . . . 1 2 8 4 3 Traps | -11 -10 -10 -9 -9 -9 -8 -8 -7 -7 -7 -7 -7 -7 -7 -6 -6 -6 -6 -6 -5 -5 -5 -5 -5 -4 -4 -4 -4 -4 -4 -4 -3 -3 -2 -2 -2 -2 -1 -1 ------- Run | Scr Mat Min Mat Min Exi Min Mat Fac Was Fac Low Low Zio Dee Pro Fac Low Low Dat Pro Fac Upp Upp War Pro Fac Was Fac Ext Cet Arc Res Tes Res Qua Sec Gar Acc Com Traps Triggered 24 | . 1 1 2 . . . . 1 . . . . . . . . . . . . . . . . . 1 . . 3 . . . 1 . . 2 6 . 6 Indirectly . | . . . . . . . . . . . . . . . . . . . . . . . . . . . . . . . . . . . . . . . . Trap Hack Attempts 75 | . . . 75 . . . . . . . . . . . . . . . . . . . . . . . . . . . . . . . . . . . . Triggered . | . . . . . . . . . . . . . . . . . . . . . . . . . . . . . . . . . . . . . . . . Disarmed 1 | . . . 1 . . . . . . . . . . . . . . . . . . . . . . . . . . . . . . . . . . . . Reprogrammed 6 | . . . 6 . . . . . . . . . . . . . . . . . . . . . . . . . . . . . . . . . . . . Reused 2 | . . . . . . . . 2 . . . . . . . . . . . . . . . . . . . . . . . . . . . . . . . Traps Extracted 6 | . . . 6 . . . . . . . . . . . . . . . . . . . . . . . . . . . . . . . . . . . . Installed 2 | . . . . . . . . 2 . . . . . . . . . . . . . . . . . . . . . . . . . . . . . . . Triggered 17 | . . . . . . . . 2 . . . . . . 1 1 1 2 . . . 2 2 6 . . . . . . . . . . . . . . . Machines | -11 -10 -10 -9 -9 -9 -8 -8 -7 -7 -7 -7 -7 -7 -7 -6 -6 -6 -6 -6 -5 -5 -5 -5 -5 -4 -4 -4 -4 -4 -4 -4 -3 -3 -2 -2 -2 -2 -1 -1 ---------- Run | Scr Mat Min Mat Min Exi Min Mat Fac Was Fac Low Low Zio Dee Pro Fac Low Low Dat Pro Fac Upp Upp War Pro Fac Was Fac Ext Cet Arc Res Tes Res Qua Sec Gar Acc Com Machines Disabled 115 | . 2 1 5 1 . 1 3 14 . 4 . . 1 3 . 6 . . . . 9 . 1 2 . 1 . 16 6 . 3 1 10 3 10 5 4 3 . Max in Single Turn 6 | . 2 1 1 1 . 1 1 4 . . . . 1 1 . 4 . . . . 6 . 1 1 . 1 . 2 3 . 1 1 1 1 1 1 1 1 . Garrison Access 5 | . . . . . . . . . . 1 . . . . . . . . . . . . . . . . . 2 . . . . 1 . 1 . . . . Garrison Relay 2 | . . . . . . . . . . . . . . . . . . . . . . . . . . . . . . . . . . . . . 2 . . Energy Cycler 2 | . . . . . . . . . . . . . . . . . . . . . . . . . . . . . 2 . . . . . . . . . . Machines Sabotaged . | . . . . . . . . . . . . . . . . . . . . . . . . . . . . . . . . . . . . . . . . Garrisons Compromised 1 | . . . . . . . . . . . . . . . . 1 . . . . . . . . . . . . . . . . . . . . . . . Overloaded Fab Kills . | . . . . . . . . . . . . . . . . . . . . . . . . . . . . . . . . . . . . . . . . Hacking | -11 -10 -10 -9 -9 -9 -8 -8 -7 -7 -7 -7 -7 -7 -7 -6 -6 -6 -6 -6 -5 -5 -5 -5 -5 -4 -4 -4 -4 -4 -4 -4 -3 -3 -2 -2 -2 -2 -1 -1 --------- Run | Scr Mat Min Mat Min Exi Min Mat Fac Was Fac Low Low Zio Dee Pro Fac Low Low Dat Pro Fac Upp Upp War Pro Fac Was Fac Ext Cet Arc Res Tes Res Qua Sec Gar Acc Com Machines Accessed 97 | . 8 1 14 1 2 . 5 3 . 6 1 2 1 . . 8 1 1 . 1 . . . 3 . 4 . 3 . . . 1 6 1 10 6 . 6 2 Terminals 50 | . 5 . 8 . . . 3 1 . 4 . . . . . 4 . . . 1 . . . . . 2 . 2 . . . 1 4 . 5 4 . 4 2 Fabricators 2 | . . . . . . . . . . . . . . . . 2 . . . . . . . . . . . . . . . . . . . . . . . Repair Stations 10 | . 1 . 2 . . . . 1 . . . . . . . . . . . . . . . . . 2 . 1 . . . . 1 . 2 . . . . Recycling Units 8 | . 2 . 2 . . . 1 . . 1 . . . . . 1 . . . . . . . . . . . . . . . . . 1 . . . . . Scanalyzers 10 | . . . 2 . . . 1 1 . . . . . . . . . . . . . . . . . . . . . . . . 1 . 2 1 . 2 . Garrison Access 4 | . . . . . . . . . . 1 . . . . . 1 . . . . . . . . . . . . . . . . . . 1 1 . . . Total Hacks 246 | . 34 1 39 1 2 . 14 6 . 15 1 3 4 . . 21 1 1 . 1 . . . 10 . 12 . 12 . . . 2 18 1 16 12 . 15 4 Successful 129 | . 21 1 24 1 2 . 10 3 . 4 1 3 4 . . 10 1 1 . 1 . . . 10 . 3 . 4 . . . 2 11 . 7 2 . 3 . Failed 117 | . 13 . 15 . . . 4 3 . 11 . . . . . 11 . . . . . . . . . 9 . 8 . . . . 7 1 9 10 . 12 4 Catastrophic 30 | . . . 3 . . . 1 . . 3 . . . . . 2 . . . . . . . . . 3 . 3 . . . . 1 . 4 4 . 5 1 Database Lockouts . | . . . . . . . . . . . . . . . . . . . . . . . . . . . . . . . . . . . . . . . . Manual 48 | . 15 . 3 . 1 . 3 . . 3 . . . . . 4 . . . . . . . . . 3 . . . . . 1 3 . 5 3 . . 4 Terminals 130 | . 24 . 22 . . . 10 2 . 9 . . . . . 12 . . . 1 . . . . . 6 . 5 . . . 2 7 . 8 8 . 10 4 Fabricators 6 | . . . . . . . . . . . . . . . . 6 . . . . . . . . . . . . . . . . . . . . . . . Repair Stations 32 | . 6 . 7 . . . . 1 . . . . . . . . . . . . . . . . . 6 . 7 . . . . 1 . 4 . . . . Recycling Units 14 | . 4 . 4 . . . 1 . . 2 . . . . . 2 . . . . . . . . . . . . . . . . . 1 . . . . . Scanalyzers 33 | . . . 6 . . . 3 3 . . . . . . . . . . . . . . . . . . . . . . . . 10 . 3 3 . 5 . Garrison Access 7 | . . . . . . . . . . 4 . . . . . 1 . . . . . . . . . . . . . . . . . . 1 1 . . . Terminal Hacks 71 | . 12 1 11 1 2 . 7 . . 2 1 3 4 . . 5 1 1 . 1 . . . 10 . . . . . . . 2 4 . 2 . . 1 . Record 9 | . . . . . 1 . . . . . . 2 . . . . . . . 1 . . . 5 . . . . . . . . . . . . . . . Part Schematic 8 | . 2 . . . . . 2 . . . . . 4 . . . . . . . . . . . . . . . . . . . . . . . . . . Robot Schematic 1 | . 1 . . . . . . . . . . . . . . . . . . . . . . . . . . . . . . . . . . . . . . Robot Analysis 2 | . 2 . . . . . . . . . . . . . . . . . . . . . . . . . . . . . . . . . . . . . . Prototype ID Bank 13 | . 4 . 2 . . . 1 . . . . . . . . 1 . . . . . . . 4 . . . . . . . 1 . . . . . . . Open Door 8 | . . 1 . 1 . . . . . . 1 1 . . . . 1 1 . . . . . 1 . . . . . . . . . . 1 . . . . Level Access Points 2 | . . . . . . . . . . . . . . . . 1 . . . . . . . . . . . . . . . . 1 . . . . . . Branch Access Points 4 | . . . 1 . . . . . . 1 . . . . . 1 . . . . . . . . . . . . . . . 1 . . . . . . . Terminal Index 3 | . 1 . . . . . . . . . . . . . . 1 . . . . . . . . . . . . . . . . 1 . . . . . . Fabricator Index 1 | . . . . . . . . . . 1 . . . . . . . . . . . . . . . . . . . . . . . . . . . . . Alert Level 4 | . . . 2 . . . 2 . . . . . . . . . . . . . . . . . . . . . . . . . . . . . . . . Unreport Threat 3 | . . . 2 . . . . . . . . . . . . . . . . . . . . . . . . . . . . . . . . . . 1 . Locate Traps 4 | . . . 3 . . . 1 . . . . . . . . . . . . . . . . . . . . . . . . . . . . . . . . Hauler Manifests 3 | . . . . . . . 1 . . . . . . . . 1 . . . . . . . . . . . . . . . . 1 . . . . . . Zone Layout 5 | . 2 . 1 . . . . . . . . . . . . . . . . . . . . . . . . . . . . . 1 . 1 . . . . EX-Prototype ID Bank 1 | . . . . . 1 . . . . . . . . . . . . . . . . . . . . . . . . . . . . . . . . . . Fabricator Hacks 4 | . . . . . . . . . . . . . . . . 4 . . . . . . . . . . . . . . . . . . . . . . . Load Schematic 2 | . . . . . . . . . . . . . . . . 2 . . . . . . . . . . . . . . . . . . . . . . . Build 2 | . . . . . . . . . . . . . . . . 2 . . . . . . . . . . . . . . . . . . . . . . . Repair Station Hacks 18 | . 4 . 4 . . . . . . . . . . . . . . . . . . . . . . 3 . 4 . . . . . . 3 . . . . Scan Component 11 | . 2 . 2 . . . . . . . . . . . . . . . . . . . . . . 3 . 2 . . . . . . 2 . . . . Repair 7 | . 2 . 2 . . . . . . . . . . . . . . . . . . . . . . . . 2 . . . . . . 1 . . . . Recycling Unit Hacks 7 | . 2 . 2 . . . 1 . . 1 . . . . . 1 . . . . . . . . . . . . . . . . . . . . . . . Report Inventory 7 | . 2 . 2 . . . 1 . . 1 . . . . . 1 . . . . . . . . . . . . . . . . . . . . . . . Scanalyzer 19 | . . . 6 . . . 2 3 . . . . . . . . . . . . . . . . . . . . . . . . 6 . . . . 2 . Insert Component 10 | . . . 3 . . . 1 1 . . . . . . . . . . . . . . . . . . . . . . . . 3 . . . . 2 . Analyze 9 | . . . 3 . . . 1 2 . . . . . . . . . . . . . . . . . . . . . . . . 3 . . . . . . Garrison Access Hacks 2 | . . . . . . . . . . . . . . . . . . . . . . . . . . . . . . . . . . . 1 1 . . . Unlock Access 1 | . . . . . . . . . . . . . . . . . . . . . . . . . . . . . . . . . . . . 1 . . . Seal Access 1 | . . . . . . . . . . . . . . . . . . . . . . . . . . . . . . . . . . . 1 . . . . Unauthorized Hacks 8 | . 3 . 1 . . . . . . 1 . . . . . . . . . . . . . . . . . . . . . . 1 . 1 1 . . . Terminals 3 | . 1 . . . . . . . . . . . . . . . . . . . . . . . . . . . . . . . . . 1 1 . . . Track 2 | . . . . . . . . . . . . . . . . . . . . . . . . . . . . . . . . . . . 1 1 . . . Assimilate 1 | . 1 . . . . . . . . . . . . . . . . . . . . . . . . . . . . . . . . . . . . . . Fabricators . | . . . . . . . . . . . . . . . . . . . . . . . . . . . . . . . . . . . . . . . . Repair Stations . | . . . . . . . . . . . . . . . . . . . . . . . . . . . . . . . . . . . . . . . . Recycling Units 4 | . 2 . 1 . . . . . . 1 . . . . . . . . . . . . . . . . . . . . . . . . . . . . . Tunnel 4 | . 2 . 1 . . . . . . 1 . . . . . . . . . . . . . . . . . . . . . . . . . . . . . Scanalyzers 1 | . . . . . . . . . . . . . . . . . . . . . . . . . . . . . . . . . 1 . . . . . . Researchers 1 | . . . . . . . . . . . . . . . . . . . . . . . . . . . . . . . . . 1 . . . . . . Garrison Access . | . . . . . . . . . . . . . . . . . . . . . . . . . . . . . . . . . . . . . . . . Data Cores Recovered 3 | . . . 1 . . . . . . . . . . . . . . . . . . . . . . . . . . . . . . . . . . 1 1 Used 1 | . . . . . . . . . . . . . . . . . . . . . . . . . . . . . . . . . . . . . . . 1 Hacking Detections 72 | . 6 . 12 . . . 4 3 . 5 . . . . . 6 . . . . . . . . . 4 . 3 . . . 1 6 1 8 5 . 6 2 Full Trace Events 9 | . . . 2 . . . . . . 2 . . . . . 2 . . . . . . . . . . . 1 . . . . 1 . . . . . 1 Feedback Events . | . . . . . . . . . . . . . . . . . . . . . . . . . . . . . . . . . . . . . . . . Feedback Blocked . | . . . . . . . . . . . . . . . . . . . . . . . . . . . . . . . . . . . . . . . . Robot Schematics Acquired 4 | . 1 . . . . . . . . . . . 3 . . . . . . . . . . . . . . . . . . . . . . . . . . Robots Built . | . . . . . . . . . . . . . . . . . . . . . . . . . . . . . . . . . . . . . . . . Authchips . | . . . . . . . . . . . . . . . . . . . . . . . . . . . . . . . . . . . . . . . . Time . | . . . . . . . . . . . . . . . . . . . . . . . . . . . . . . . . . . . . . . . . Total Robot Build Rating . | . . . . . . . . . . . . . . . . . . . . . . . . . . . . . . . . . . . . . . . . Part Schematics Acquired 26 | . 2 . 2 . . . 3 . . . . . 18 . . . . . . . . . . . . . . . . . . . 1 . . . . . . Parts Built 2 | . . . . . . . . . . . . . . . . 2 . . . . . . . . . . . . . . . . . . . . . . . Authchips 1 | . . . . . . . . . . . . . . . . 1 . . . . . . . . . . . . . . . . . . . . . . . Time 98 | . . . . . . . . . . . . . . . . 98 . . . . . . . . . . . . . . . . . . . . . . . Total Part Build Rating 4 | . . . . . . . . . . . . . . . . 4 . . . . . . . . . . . . . . . . . . . . . . . Parts Repaired 7 | . 2 . 2 . . . . . . . . . . . . . . . . . . . . . . . . 2 . . . . . . 1 . . . . Time 274 | . 52 . 64 . . . . . . . . . . . . . . . . . . . . . . . . 142 . . . . . . 16 . . . . Parts Recycled . | . . . . . . . . . . . . . . . . . . . . . . . . . . . . . . . . . . . . . . . . Recycled Matter . | . . . . . . . . . . . . . . . . . . . . . . . . . . . . . . . . . . . . . . . . Retrieved Matter . | . . . . . . . . . . . . . . . . . . . . . . . . . . . . . . . . . . . . . . . . Retrieved Components . | . . . . . . . . . . . . . . . . . . . . . . . . . . . . . . . . . . . . . . . . Parts Scanalyzed 6 | . . . 2 . . . 1 1 . . . . . . . . . . . . . . . . . . . . . . . . 2 . . . . . . Part Schematics Acquired 4 | . . . 2 . . . 1 . . . . . . . . . . . . . . . . . . . . . . . . . 1 . . . . . . Parts Damaged . | . . . . . . . . . . . . . . . . . . . . . . . . . . . . . . . . . . . . . . . . Bothacking | -11 -10 -10 -9 -9 -9 -8 -8 -7 -7 -7 -7 -7 -7 -7 -6 -6 -6 -6 -6 -5 -5 -5 -5 -5 -4 -4 -4 -4 -4 -4 -4 -3 -3 -2 -2 -2 -2 -1 -1 ------------ Run | Scr Mat Min Mat Min Exi Min Mat Fac Was Fac Low Low Zio Dee Pro Fac Low Low Dat Pro Fac Upp Upp War Pro Fac Was Fac Ext Cet Arc Res Tes Res Qua Sec Gar Acc Com Used RIF Installer 1 | . . . . . . . . . . . . . . . . . . . . . . . . . . . . . . . . . . . . . 1 . . Robots Hacked 2 | . . . . . . . . . . . . . . . . . . . . . . . . . . . . . . . 1 . . . . . . 1 . Non-combat 2 | . . . . . . . . . . . . . . . . . . . . . . . . . . . . . . . 1 . . . . . . 1 . Combat . | . . . . . . . . . . . . . . . . . . . . . . . . . . . . . . . . . . . . . . . . Robot Hacks Applied 12 | . . . . . . . . . . . . . . . . . . . . . . . . . . . . . . . 3 . . . . . . 9 . no_distress 1 | . . . . . . . . . . . . . . . . . . . . . . . . . . . . . . . . . . . . . . 1 . check_alert 3 | . . . . . . . . . . . . . . . . . . . . . . . . . . . . . . . 3 . . . . . . . . purge_threat 6 | . . . . . . . . . . . . . . . . . . . . . . . . . . . . . . . . . . . . . . 6 . find_terminals 1 | . . . . . . . . . . . . . . . . . . . . . . . . . . . . . . . . . . . . . . 1 . locate_traps 1 | . . . . . . . . . . . . . . . . . . . . . . . . . . . . . . . . . . . . . . 1 . Relay Couplers Released 19 | . . . . . . . . . . 2 . . . . . . . . . . . . . . . . . 4 . . . . 4 . . . 9 . . Machine Destruction 19 | . . . . . . . . . . 2 . . . . . . . . . . . . . . . . . 4 . . . . 4 . . . 9 . . Attached 2 | . . . . . . . . . . . . . . . . . . . . . . . . . . . . . . . . . . . . . . 2 . Fabnet Peak Effective % . | . . . . . . . . . . . . . . . . . . . . . . . . . . . . . . . . . . . . . . . . Robots Rewired 15 | . . . . . . . . . . . . . . . . . 2 . . . . . . 3 . . . . 10 . . . . . . . . . . Allies Hacked . | . . . . . . . . . . . . . . . . . . . . . . . . . . . . . . . . . . . . . . . . Hacks Repelled . | . . . . . . . . . . . . . . . . . . . . . . . . . . . . . . . . . . . . . . . . Allies | -11 -10 -10 -9 -9 -9 -8 -8 -7 -7 -7 -7 -7 -7 -7 -6 -6 -6 -6 -6 -5 -5 -5 -5 -5 -4 -4 -4 -4 -4 -4 -4 -3 -3 -2 -2 -2 -2 -1 -1 -------- Run | Scr Mat Min Mat Min Exi Min Mat Fac Was Fac Low Low Zio Dee Pro Fac Low Low Dat Pro Fac Upp Upp War Pro Fac Was Fac Ext Cet Arc Res Tes Res Qua Sec Gar Acc Com Total Allies 45 | . . 3 . . . . . . 20 . . . . . . . 2 . . . . . . 3 . . 1 . 16 . . . . . . . . . . Largest Group 20 | . . 3 3 . . . . . 20 20 16 12 9 9 . . 2 . . . . . . 3 3 1 1 1 9 . . . . . . . . . . Highest-Rated Group 522 | . . 40 40 . . . . . 522 522 449 355 285 285 . . 58 . . . . . . 155 155 65 46 46 367 . . . . . . . . . . Highest-Rated Ally 65 | . . 16 16 . . . . . 35 35 35 33 33 33 . . 29 . . . . . . 65 65 65 46 46 49 . . . . . . . . . . Total Orders 5 | . . . . . . . . . . . . . . . . . . . . . . . . . 2 . . . 3 . . . . . . . . . . STAY 3 | . . . . . . . . . . . . . . . . . . . . . . . . . 1 . . . 2 . . . . . . . . . . FOLLOW 2 | . . . . . . . . . . . . . . . . . . . . . . . . . 1 . . . 1 . . . . . . . . . . Ally Attacks 334 | . . 4 29 . . . . . . 74 33 19 . 51 . . 2 . . . . . . . 24 . 28 . 70 . . . . . . . . . . Total Damage 6860 | . . 47 303 . . . . . . 1659 543 196 . 543 . . . . . . . . . . 1042 . 724 . 1803 . . . . . . . . . . Kills 50 | . . 2 3 . . . . . . 14 3 5 . 1 . . . . . . . . . . 5 . 2 . 15 . . . . . . . . . . Allies Corrupted . | . . . . . . . . . . . . . . . . . . . . . . . . . . . . . . . . . . . . . . . . Allies Melted 2 | . . . . . . . . . . . . . . . . . . . . . . . . 1 . . . . 1 . . . . . . . . . . Intel | -11 -10 -10 -9 -9 -9 -8 -8 -7 -7 -7 -7 -7 -7 -7 -6 -6 -6 -6 -6 -5 -5 -5 -5 -5 -4 -4 -4 -4 -4 -4 -4 -3 -3 -2 -2 -2 -2 -1 -1 ------- Run | Scr Mat Min Mat Min Exi Min Mat Fac Was Fac Low Low Zio Dee Pro Fac Low Low Dat Pro Fac Upp Upp War Pro Fac Was Fac Ext Cet Arc Res Tes Res Qua Sec Gar Acc Com Robot Analysis Total 130 | . 2 . . . . . . . . . . . . . . . . . 128 . . . . . . . . . . . . . . . . . . . . Derelict Logs Recovered 13 | . . . . 2 . . . . . . 1 2 . . . . 2 3 . 1 . 1 1 . . . . . . . . . . . . . . . . Drone Launches . | . . . . . . . . . . . . . . . . . . . . . . . . . . . . . . . . . . . . . . . . Drone Recoveries . | . . . . . . . . . . . . . . . . . . . . . . . . . . . . . . . . . . . . . . . . Exploration | -11 -10 -10 -9 -9 -9 -8 -8 -7 -7 -7 -7 -7 -7 -7 -6 -6 -6 -6 -6 -5 -5 -5 -5 -5 -4 -4 -4 -4 -4 -4 -4 -3 -3 -2 -2 -2 -2 -1 -1 ------------- Run | Scr Mat Min Mat Min Exi Min Mat Fac Was Fac Low Low Zio Dee Pro Fac Low Low Dat Pro Fac Upp Upp War Pro Fac Was Fac Ext Cet Arc Res Tes Res Qua Sec Gar Acc Com Turns Passed 50434 | 4 1393 218 3360 1154 1040 385 1133 1009 661 800 589 548 1805 1807 1077 1790 1923 937 1333 1175 486 1062 599 1365 528 622 209 2329 1826 314 5508 727 1665 795 2863 886 1869 1033 1607 Spaces Moved 17873 | 1 597 126 1411 527 479 159 407 574 384 466 344 342 1082 831 273 650 528 503 160 293 141 211 269 718 280 254 71 590 355 91 471 240 646 262 1006 402 686 468 575 Core 234 | . . . . . . . . . . . . . . 13 . . . . . . . . . . . . . . . . 219 . . . . . . . 2 Treads 5001 | 1 597 126 392 . . . . . 365 466 344 342 1082 818 21 . . . . . . . . . . . . . . . . 2 179 . . . . . 266 Legs 9454 | . . . . . . . . . . . . . . . 252 650 528 503 160 293 141 211 269 718 280 254 71 590 355 91 252 238 467 262 1006 402 686 468 307 Wheels 3184 | . . . 1019 527 479 159 407 574 19 . . . . . . . . . . . . . . . . . . . . . . . . . . . . . . Hover . | . . . . . . . . . . . . . . . . . . . . . . . . . . . . . . . . . . . . . . . . Flight . | . . . . . . . . . . . . . . . . . . . . . . . . . . . . . . . . . . . . . . . . Fastest Speed 100 | 160 160 160 160 210 210 210 105 105 135 160 160 160 160 160 150 180 183 183 183 183 183 183 183 176 176 175 175 120 185 183 183 180 180 125 100 100 100 128 132 Average Speed 198 | 160 187 160 196 210 210 210 215 128 161 160 160 160 160 164 150 183 186 183 183 183 183 183 183 180 176 175 175 180 185 184 1071 181 202 147 142 145 158 135 185 Slowest Speed 2400 | 160 240 240 210 210 210 210 240 135 250 160 160 160 160 350 160 210 210 183 183 183 183 185 183 183 176 175 175 250 186 210 2400 240 240 173 179 166 185 186 250 Overloaded Moves . | . . . . . . . . . . . . . . . . . . . . . . . . . . . . . . . . . . . . . . . . Propulsion Burnouts . | . . . . . . . . . . . . . . . . . . . . . . . . . . . . . . . . . . . . . . . . Robots Hopped . | . . . . . . . . . . . . . . . . . . . . . . . . . . . . . . . . . . . . . . . . Cave-ins Triggered . | . . . . . . . . . . . . . . . . . . . . . . . . . . . . . . . . . . . . . . . . Teleports 1 | . . . . . . . . . . . . . . . . . . . . . . . . . . . . . . . . . . . 1 . . . . Exploration Rate (%) 52 | 2 83 31 96 89 88 57 48 17 96 13 58 52 83 77 47 27 71 61 82 66 6 50 53 94 55 10 78 18 64 54 82 10 68 12 79 23 41 12 27 Regions Visited 39 Branch Regions 24 Pre-discovered Areas 35 | . 2 . 1 1 1 . . . . 1 . 1 2 . . . 2 . 24 . . . . . . . . . . . . . . . . . . . . Known Exits Taken 10 | . . . 1 . . . 1 . . 1 . . . . . 1 . 1 . 1 1 . . . . . . . . . . 1 1 . . 1 . . . Unknown Exits Taken 24 | 1 1 1 . 1 1 1 . . . . 1 1 1 1 1 . 1 . 1 . . 1 1 1 1 . . 1 1 1 1 . . 1 1 . . 1 . Scrap Searched 37 | . . 1 . 1 . 1 . . . . 3 1 3 . . . 13 10 . 2 . 1 1 . . . . . . . . . . . . . . . . Spaces Dug 251 | . 8 . . . . . . . . 4 . . 2 . . 22 16 3 1 . 6 . . 6 1 15 . 37 16 . . 20 18 5 33 15 . 7 16 Terrain Destroyed 1699 | . 34 26 27 31 . 66 79 110 . 4 . . 2 16 . 77 57 5 1 15 84 13 6 6 4 18 3 517 191 53 14 33 34 11 79 21 28 8 26 Melee 14 | . . . . . . . . . . 4 . . 2 . . . . . 1 . . . . . . . . . . . . . . . . . . 7 . Projectile 470 | . . . . . . 2 6 . . . . . . 2 . 40 25 5 . 15 11 13 6 6 4 18 3 68 29 4 14 33 34 11 70 21 5 1 24 AOE 1213 | . 34 26 27 31 . 64 73 110 . . . . . 14 . 37 32 . . . 73 . . . . . . 449 162 49 . . . . 9 . 23 . . Terrain Rammed . | . . . . . . . . . . . . . . . . . . . . . . . . . . . . . . . . . . . . . . . . Walls Destroyed . | . . . . . . . . . . . . . . . . . . . . . . . . . . . . . . . . . . . . . . . . Machines Disabled . | . . . . . . . . . . . . . . . . . . . . . . . . . . . . . . . . . . . . . . . . Actions | -11 -10 -10 -9 -9 -9 -8 -8 -7 -7 -7 -7 -7 -7 -7 -6 -6 -6 -6 -6 -5 -5 -5 -5 -5 -4 -4 -4 -4 -4 -4 -4 -3 -3 -2 -2 -2 -2 -1 -1 --------- Run | Scr Mat Min Mat Min Exi Min Mat Fac Was Fac Low Low Zio Dee Pro Fac Low Low Dat Pro Fac Upp Upp War Pro Fac Was Fac Ext Cet Arc Res Tes Res Qua Sec Gar Acc Com Total 30355 | 6 764 138 1853 569 503 181 537 730 429 510 369 343 1119 1092 930 1110 1396 517 1136 883 313 861 362 775 296 404 110 1593 1429 205 867 456 886 651 2115 607 1419 791 1100 Wait 8775 | . 69 1 169 34 . . 20 54 20 17 15 2 6 68 641 338 776 . 903 551 121 615 81 2 7 114 . 772 866 84 282 123 93 336 706 44 512 102 231 Move 17837 | . 596 125 1410 526 478 158 406 574 383 465 343 341 1081 830 272 649 527 502 159 292 140 210 268 717 279 254 70 589 354 90 470 239 645 261 1005 402 685 467 575 Hop . | . . . . . . . . . . . . . . . . . . . . . . . . . . . . . . . . . . . . . . . . Pick Up 316 | . 13 4 33 1 4 . 12 8 7 6 1 . 1 18 1 10 4 5 4 1 2 . 2 8 . 2 1 15 7 3 11 5 13 9 32 14 33 10 16 Fast Attach 117 | . 4 1 7 . 1 . 6 3 5 1 . . . 4 . 5 1 2 1 2 1 . . 3 . 1 1 10 . 1 2 1 1 4 14 5 10 9 11 Attach 203 | 2 3 . 5 . . . 8 5 . . . . . 20 1 4 6 . 3 . . 1 1 1 . 3 . 16 1 1 9 5 4 2 25 11 18 32 16 Detach 71 | . . . . . . . . . . . . . . 3 1 . . . 2 . . . . . . 2 2 3 2 1 5 3 1 1 11 1 7 22 4 Swap 266 | . 11 4 30 2 2 6 13 16 1 5 3 . 8 25 2 10 5 2 5 . 2 3 2 3 . 1 1 5 5 1 3 10 20 4 33 9 4 3 7 Drop 429 | 4 6 1 35 1 10 . 6 10 13 8 1 . 1 17 5 20 8 4 9 7 7 6 1 9 . 5 6 11 9 5 23 12 17 18 62 12 32 7 21 Fire 1894 | . 62 2 89 5 4 17 66 58 . . 6 . . 78 . 74 41 2 6 30 40 26 7 9 10 22 29 170 55 19 55 58 91 16 216 107 113 95 216 Melee 176 | . . . . . 4 . . . . 8 . . 22 29 7 . . . 44 . . . . 4 . . . . . . 3 . . . 11 2 . 42 . Ram . | . . . . . . . . . . . . . . . . . . . . . . . . . . . . . . . . . . . . . . . . Kick 9 | . . . . . . . . . . . . . . . . . . . . . . . . . . . . 2 . . 4 . 1 . . . . 2 . Crush . | . . . . . . . . . . . . . . . . . . . . . . . . . . . . . . . . . . . . . . . . Escape Stasis 23 | . . . . . . . . . . . . . . . . . . . . . . . . . . . . . 15 . . . . . . . 5 . 3 Rewire 162 | . . . . . . . . . . . . . . . . . 28 . . . . . . 19 . . . . 115 . . . . . . . . . . Trap 77 | . . . 75 . . . . 2 . . . . . . . . . . . . . . . . . . . . . . . . . . . . . . . Miscellaneous . | . . . . . . . . . . . . . . . . . . . . . . . . . . . . . . . . . . . . . . . . Route ------- -11/Scrapyard -10/Materials (discovered 2 exits: *Mat / *Min) -10/Mines -9/Materials (discovered 5 exits: *Mat x3 / *Min x2) -9/Mines (discovered 4 exits: *Mat x2 / *Exi / *Zio) -9/Exiles -8/Mines -8/Materials (discovered 3 exits: *Fac x3) -7/Factory (discovered 2 exits: *Fac / *Low) -7/Waste -7/Factory (discovered 4 exits: *Fac / Sto / *Low x2) -7/Lower Caves -7/Lower Caves -7/Zion (discovered 2 exits: [*Dee] / [*Pro]) -7/Deep Caves -6/Proximity Caves -6/Factory (discovered 6 exits: Fac x4 / *Low x2) -6/Lower Caves -6/Lower Caves (discovered 2 exits: Fac / *Dat) -6/Data Miner -5/Proximity Caves -5/Factory -5/Upper Caves -5/Upper Caves (discovered 2 exits: Fac / *War) -5/Warlord -4/Proximity Caves -4/Factory (discovered 2 exits: *Res / [Ext]) -4/Waste -4/Factory -4/Extension (discovered 2 exits: *Res / [*Cet]) -4/Cetus -4/Archives (discovered 3 exits: *Res / [*Hub x2]) -3/Research (discovered 2 exits: *Tes x2) -3/Testing -2/Research -2/Quarantine (discovered 2 exits: *Acc / *Sec) -2/Section 7 -2/Garrison -1/Access -1/Command History --------- Turn | Location | Event 5 | -11/Scrapyard | Discovered new exit (range 0) 5 | -11/Scrapyard | Entered Materials 212 | -10/Materials | Discovered new exit (range 3) 301 | -10/Materials | Build established: Mutant 787 | -10/Materials | Repaired Lgt. Treads 815 | -10/Materials | Repaired Lgt. Treads 835 | -10/Materials | Discovered new exit (range 16) 1398 | -10/Materials | Entered Mines 1405 | -10/Mines | Assisted by bots powering up and referring to "LRC-V3" 1505 | -10/Mines | Joined a pair of Derelicts in attacking an 0b10 outpost 1576 | -10/Mines | Discovered new exit (range 6) 1592 | -10/Mines | Met a Derelict who couldn't figure out how to use a Trap Extractor 1596 | -10/Mines | Assembled infested the area 1616 | -10/Mines | Entered Materials 1616 | -9/Materials | Accompanied by 3 allies 1616 | -9/Materials | Evolved 2 slots: Utility x1, Weapon x1 1990 | -9/Materials | Discovered new exit (range 7) 2306 | -9/Materials | Discovered new exit (range 6) 2319 | -9/Materials | Build established: Tank 2538 | -9/Materials | Destroyed 7 combat bots 2598 | -9/Materials | Discovered new exit (range 10) 2850 | -9/Materials | Repaired Grenade Launcher 3257 | -9/Materials | Discovered new exit (range 15) 3330 | -9/Materials | Repaired Minigun 3867 | -9/Materials | Identified exit to Mines 3907 | -9/Materials | Discovered new exit (range 8) 4842 | -9/Materials | Build established: Mutant 4976 | -9/Materials | Entered Mines 5019 | -9/Mines | Found the Drone Emporium 5113 | -9/Mines | Learned Materials emergency access door positions 5132 | -9/Mines | Discovered new exit (range 5) 5148 | -9/Mines | Build established: Trapper-Mutant 5248 | -9/Mines | Received a Rocket Launcher from a helpful Derelict 5398 | -9/Mines | A weapon hastily lodged in a ceiling crevice suddenly fell to the ground 5510 | -9/Mines | Learned location of 1 exit from Materials 5568 | -9/Mines | Discovered new exit (range 9) 5626 | -9/Mines | Learned location of Storage (-7) 5699 | -9/Mines | A Derelict revealed a hidden shortcut to a safe place 5797 | -9/Mines | Found a hidden stash of uninstalled traps 6119 | -9/Mines | Deemed a non-threat by the Exiles lab entrance 6121 | -9/Mines | Discovered new exit (range 5) 6130 | -9/Mines | Entered Exiles 6130 | -9/Exiles | Found Exiles lab destroyed 6343 | -9/Exiles | Opened EX-Vault 6359 | -9/Exiles | Found Lightpack 2.0 6653 | -9/Exiles | Build established: Mutant 6978 | -9/Exiles | Learned location of Zion (-7) 7066 | -9/Exiles | Discovered new exit (range 12) 7170 | -9/Exiles | Entered Mines 7540 | -8/Mines | Discovered new exit (range 9) 7555 | -8/Mines | Entered Materials 7555 | -8/Materials | Evolved 2 slots: Utility x2 7556 | -8/Materials | Identified exit to Factory 7654 | -8/Materials | Build established: Tank 7876 | -8/Materials | Destroyed 10 combat bots 8138 | -8/Materials | Discovered exit to Factory (range 11) 8374 | -8/Materials | Discovered exit to Factory (range 10) 8604 | -8/Materials | Build established: Scavenger-Tank 8688 | -8/Materials | Entered Factory 8688 | -7/Factory | Evolved 2 slots: Utility x2 8894 | -7/Factory | Discovered new exit (range 4) 9245 | -7/Factory | Discovered new exit (range 5) 9297 | -7/Factory | Lost 3 parts (1p1u1w) 9427 | -7/Factory | Destroyed 7 combat bots 9488 | -7/Factory | First assault squad dispatched 9697 | -7/Factory | Sucked down chute 9697 | -7/Factory | Entered Waste 9698 | -7/Waste | Joined by Warlord forces that had cleared the area 10013 | -7/Waste | Discovered new exit (range 11) 10358 | -7/Waste | Entered Factory 10358 | -7/Factory | Accompanied by 20 allies 10464 | -7/Factory | Identified exit to Storage 10464 | -7/Factory | Identified exit to Lower Caves 10854 | -7/Factory | Discovered new exit (range 5) 10900 | -7/Factory | Build established: Scavenger-Mutant 11158 | -7/Factory | First assault squad dispatched 11158 | -7/Factory | Entered Lower Caves 11158 | -7/Lower Caves | Accompanied by 16 allies 11175 | -7/Lower Caves | Learned Factory security intel 11469 | -7/Lower Caves | Spotted B-75 Beast 11481 | -7/Lower Caves | Allies destroyed B-75 Beast 11652 | -7/Lower Caves | Encountered a Warlord checkpoint 11729 | -7/Lower Caves | Discovered new exit (range 3) 11747 | -7/Lower Caves | Entered another Lower Caves area 11747 | -7/Lower Caves | Accompanied by 12 allies 11748 | -7/Lower Caves | Encountered a Warlord checkpoint 11762 | -7/Lower Caves | Learned Factory garrison access intel 11992 | -7/Lower Caves | Build established: Scavenger-Skirmisher 12016 | -7/Lower Caves | Learned Research terminal intel 12277 | -7/Lower Caves | Discovered new exit (range 7) 12295 | -7/Lower Caves | Entered Zion 12295 | -7/Zion | Accompanied by 9 allies 12459 | -7/Zion | Found Prototype Device 12486 | -7/Zion | Discovered new exit (range 11) 12836 | -7/Zion | Given the Hacking Drone Bay 13234 | -7/Zion | Build established: Scavenger-Mutant 13389 | -7/Zion | Learned location of Recycling (-7) 13622 | -7/Zion | Discovered new exit (range 5) 13624 | -7/Zion | Saw the warning signs outside the Deep Caves entrance 13839 | -7/Zion | Visited the Megawrench Repair Shop 13839 | -7/Zion | Megawrench repaired 8 parts 14100 | -7/Zion | Entered Deep Caves 14100 | -7/Deep Caves | Accompanied by 9 allies 14265 | -7/Deep Caves | Build established: Skirmisher 14396 | -7/Deep Caves | Attacked by Z-Imprinter 14409 | -7/Deep Caves | Allies destroyed Z-Imprinter 14456 | -7/Deep Caves | Identified Phasing AFG 14567 | -7/Deep Caves | Z-Facility disabled 14660 | -7/Deep Caves | Found Prototype Protection 14669 | -7/Deep Caves | Found Prototype Protection 14684 | -7/Deep Caves | Found Prototype Protection 14747 | -7/Deep Caves | Found Prototype Protection 14747 | -7/Deep Caves | Identified Zio. Weapon Casing 14760 | -7/Deep Caves | Found Zio. Weapon Casing 14768 | -7/Deep Caves | Build established: Scavenger-Tank 14867 | -7/Deep Caves | Discovered new exit (range 7) 15269 | -7/Deep Caves | Spotted as-80518 15306 | -7/Deep Caves | Destroyed as-80518 15364 | -7/Deep Caves | Identified Zio. Heavy Carapace 15417 | -7/Deep Caves | Triggered Deep Caves wall 15417 | -7/Deep Caves | Spotted AS-24212 15429 | -7/Deep Caves | Exposed GOLEM chamber 15429 | -7/Deep Caves | Spotted AS-72949 15445 | -7/Deep Caves | Destroyed AS-24212 15449 | -7/Deep Caves | Destroyed AS-72949 15452 | -7/Deep Caves | Spotted as-36741 15468 | -7/Deep Caves | Destroyed 35 combat bots 15469 | -7/Deep Caves | Core integrity fell below 50% 15470 | -7/Deep Caves | Destroyed as-36741 15496 | -7/Deep Caves | Lost 11 parts (1p2n6u2w) 15521 | -7/Deep Caves | Destroyed 9 combat bots 15521 | -7/Deep Caves | Found Corrupted AWS/Thermal 15523 | -7/Deep Caves | System corruption reached 10% 15651 | -7/Deep Caves | Found GOLEM Unit 15667 | -7/Deep Caves | Destroyed 12 combat bots 15683 | -7/Deep Caves | Found GOLEM Unit 15688 | -7/Deep Caves | Found GOLEM Unit 15711 | -7/Deep Caves | Found GOLEM Unit 15723 | -7/Deep Caves | Found GOLEM Unit 15733 | -7/Deep Caves | Found GOLEM Unit 15743 | -7/Deep Caves | Found GOLEM Unit 15819 | -7/Deep Caves | Found Surveybot 24 Chip 15822 | -7/Deep Caves | Found Surveybot 24 Scanner 15907 | -7/Deep Caves | Entered Proximity Caves 16287 | -6/Proximity Caves | Build established: Golem 16950 | -6/Proximity Caves | Discovered new exit (range 12) 16984 | -6/Proximity Caves | Entered Factory 16984 | -6/Factory | Evolved 2 slots: Power x1, Propulsion x1 16986 | -6/Factory | Loaded intel: 4 garrison access locations 17503 | -6/Factory | Fabricated Hcp. Storage Unit (x1) 17887 | -6/Factory | Identified exit to Factory 17974 | -6/Factory | Cargo convoy interrupted 18020 | -6/Factory | System corruption reached 10% 18050 | -6/Factory | Lost 3 parts (1n2u) 18376 | -6/Factory | Fabricated Hvy. Armor Plating (x1) 18573 | -6/Factory | Identified exit to Lower Caves 18774 | -6/Factory | Entered Lower Caves 18830 | -6/Lower Caves | Attracted the attention of an 0b10 outpost 18887 | -6/Lower Caves | Lost 4 parts (3u1w) 19890 | -6/Lower Caves | Attracted the attention of an 0b10 checkpoint 20274 | -6/Lower Caves | Build established: Mutant 20490 | -6/Lower Caves | Discovered new exit (range 13) 20697 | -6/Lower Caves | Entered another Lower Caves area 20698 | -6/Lower Caves | Encountered a Warlord checkpoint 20932 | -6/Lower Caves | Spotted B-75 Beast 21062 | -6/Lower Caves | Identified exit to Data Miner 21397 | -6/Lower Caves | Learned location of 1 exit from Factory 21634 | -6/Lower Caves | Entered Data Miner 21634 | -6/Data Miner | Discovered new exit (range 6) 21659 | -6/Data Miner | Met Data Miner 21700 | -6/Data Miner | Interfaced with the Data Conduit 21853 | -6/Data Miner | Core integrity fell below 50% 22175 | -6/Data Miner | Build established: Golem 22967 | -6/Data Miner | Entered Proximity Caves 23315 | -5/Proximity Caves | Spotted B-75 Beast 24142 | -5/Proximity Caves | Entered Factory 24142 | -5/Factory | Evolved 2 slots: Utility x2 24143 | -5/Factory | Identified exit to Upper Caves 24144 | -5/Factory | Loaded intel: 314 machine locations 24628 | -5/Factory | Entered Upper Caves 25492 | -5/Upper Caves | Attracted the attention of an 0b10 checkpoint 25545 | -5/Upper Caves | Learned Factory terminal intel 25656 | -5/Upper Caves | Discovered new exit (range 16) 25690 | -5/Upper Caves | Entered another Upper Caves area 25742 | -5/Upper Caves | Discovered new exit (range 18) 26050 | -5/Upper Caves | Learned Factory terminal intel 26236 | -5/Upper Caves | Discovered new exit (range 13) 26278 | -5/Upper Caves | Attracted the attention of an 0b10 checkpoint 26289 | -5/Upper Caves | Entered Warlord 26354 | -5/Warlord | System corruption cleaned by Quarantine Array 26588 | -5/Warlord | Found Prototype Special Weapon 26591 | -5/Warlord | Found Prototype Special Weapon 26595 | -5/Warlord | Found Prototype Special Weapon 26598 | -5/Warlord | Found Prototype Special Weapon 26603 | -5/Warlord | Found Prototype Special Weapon 26606 | -5/Warlord | Found Prototype Special Weapon 27036 | -5/Warlord | Received a Watcher feed algorithm from an ecstatic Tinkerer 27124 | -5/Warlord | Met Warlord 27149 | -5/Warlord | Warlord's base attacked by MAIN.C 27168 | -5/Warlord | Found Vortex Chain Reactor 27184 | -5/Warlord | Found Prototype Processor 27184 | -5/Warlord | Identified Exp. Target Analyzer 27457 | -5/Warlord | Build established: Assassin 27499 | -5/Warlord | Warlord forces counterattacked 27605 | -5/Warlord | Opened side exit 27606 | -5/Warlord | Discovered new exit (range 17) 27654 | -5/Warlord | Entered Proximity Caves 27654 | -4/Proximity Caves | Accompanied by 3 allies 27683 | -4/Proximity Caves | Spotted B-86 Titan 27697 | -4/Proximity Caves | Allies destroyed B-86 Titan 28091 | -4/Proximity Caves | Attracted the attention of an 0b10 checkpoint 28126 | -4/Proximity Caves | Discovered new exit (range 7) 28182 | -4/Proximity Caves | Entered Factory 28182 | -4/Factory | Accompanied by 1 ally 28182 | -4/Factory | Evolved 2 slots: Propulsion x1, Utility x1 28183 | -4/Factory | Loaded intel: 327 machine locations 28184 | -4/Factory | Loaded intel: 28 terminal locations 28356 | -4/Factory | Discovered new exit (range 19) 28462 | -4/Factory | Discovered new exit (range 20) 28770 | -4/Factory | Build established: Mutant 28804 | -4/Factory | Sucked down chute 28804 | -4/Factory | Entered Waste 28805 | -4/Waste | Met a frightened Derelict 28818 | -4/Waste | Spotted C-40 Crusher 28819 | -4/Waste | EMP discharged 28831 | -4/Waste | Destroyed C-40 Crusher 28844 | -4/Waste | Spotted C-40 Crusher 28863 | -4/Waste | Destroyed C-40 Crusher 28870 | -4/Waste | Allies destroyed C-40 Crusher 28893 | -4/Waste | Found Damper Plating 28912 | -4/Waste | Destroyed C-40 Crusher 28915 | -4/Waste | Spotted C-40 Crusher 28919 | -4/Waste | EMP discharged 28926 | -4/Waste | Destroyed C-40 Crusher 28938 | -4/Waste | Spotted C-40 Crusher 28950 | -4/Waste | Allies destroyed C-40 Crusher 28976 | -4/Waste | Discovered new exit (range 21) 29013 | -4/Waste | Entered Factory 29013 | -4/Factory | Accompanied by 1 ally 29014 | -4/Factory | Loaded intel: 242 machine locations 29015 | -4/Factory | Loaded intel: 27 terminal locations 29152 | -4/Factory | Repaired Broken Adv. Particle Charger 29209 | -4/Factory | Repaired Imp. Focal Shield 29263 | -4/Factory | P-70 Sage assimilated allied C8-T22(g) 29342 | -4/Factory | Destroyed 7 combat bots 29440 | -4/Factory | Identified RU-N14's Throwing Claymores v3 (x6) 29515 | -4/Factory | Lost 9 parts (2p5u2w) 29794 | -4/Factory | Build established: Golem 30726 | -4/Factory | Intercept squad dispatched 30736 | -4/Factory | Spotted Tracker 30745 | -4/Factory | Destroyed Tracker 30760 | -4/Factory | Spotted Combat Programmer 30763 | -4/Factory | First assault squad dispatched 30777 | -4/Factory | Destroyed Combat Programmer 30941 | -4/Factory | Lost 5 parts (1p2u2w) 30947 | -4/Factory | Found Powered Armor 31317 | -4/Factory | Discovered new exit (range 14) 31318 | -4/Factory | Destroyed 11 combat bots 31342 | -4/Factory | Entered Extension 31343 | -4/Extension | Loaded intel: 37 machine locations 31842 | -4/Extension | First assault squad dispatched 32692 | -4/Extension | Rescued a captive Derelict 32693 | -4/Extension | Rescued a captive Derelict 32711 | -4/Extension | Energy Cycler disabled 32711 | -4/Extension | Rescued a captive Derelict 32711 | -4/Extension | Rescued a captive Derelict 32712 | -4/Extension | Rescued a captive Derelict 32712 | -4/Extension | Rescued a captive Derelict 32713 | -4/Extension | Rescued a captive Derelict 32714 | -4/Extension | Rescued a captive Derelict 32715 | -4/Extension | Rescued a captive Derelict 32716 | -4/Extension | Rescued a captive Derelict 32722 | -4/Extension | Rescued a captive Derelict 32738 | -4/Extension | Destroyed 9 combat bots 33133 | -4/Extension | Build established: Scavenger-Golem 33147 | -4/Extension | Discovered new exit (range 14) 33150 | -4/Extension | Destroyed 7 combat bots 33152 | -4/Extension | Discovered new exit (range 8) 33166 | -4/Extension | Core integrity fell below 50% 33168 | -4/Extension | Entered Cetus 33169 | -4/Cetus | Loaded intel: 24 machine locations 33275 | -4/Cetus | Spotted Cetus Guard 33275 | -4/Cetus | Spotted Cetus Guard 33283 | -4/Cetus | Spotted Cetus Guard 33285 | -4/Cetus | Destroyed Cetus Guard 33288 | -4/Cetus | Spotted Cetus Guard 33294 | -4/Cetus | Destroyed Cetus Guard 33300 | -4/Cetus | Destroyed Cetus Guard 33309 | -4/Cetus | Destroyed Cetus Guard 33350 | -4/Cetus | Destroyed 10 combat bots 33444 | -4/Cetus | Discovered new exit (range 22) 33482 | -4/Cetus | Entered Archives 33483 | -4/Archives | Loaded intel: 8 machine locations 33587 | -4/Archives | Build established: Golem 33740 | -4/Archives | Discovered new exit (range 21) 33801 | -4/Archives | Discovered new exit (range 13) 34169 | -4/Archives | Discovered new exit (range 22) 34282 | -4/Archives | Build established: Scavenger-Mutant 37966 | -4/Archives | Build established: Golem 38990 | -4/Archives | Entered Research 38990 | -3/Research | Evolved 2 slots: Utility x2 38991 | -3/Research | Loaded intel: 115 machine locations 38992 | -3/Research | Loaded intel: 23 terminal locations 39246 | -3/Research | Identified exit to Testing 39580 | -3/Research | Build established: Mutant 39652 | -3/Research | Destroyed 7 combat bots 39717 | -3/Research | Entered Testing 39718 | -3/Testing | Loaded intel: 65 machine locations 39728 | -3/Testing | Spotted PH-2KE9SGF8N3 39900 | -3/Testing | Found Antimissile System 39910 | -3/Testing | Identified exit to Research 39932 | -3/Testing | Spotted Striker 39978 | -3/Testing | Found Tesla Bomb Launcher 40085 | -3/Testing | Found Prototype Energy Cannon 40125 | -3/Testing | Found Exp. Transmission Jammer 40235 | -3/Testing | Found Gamma Bomb Array 40498 | -3/Testing | Identified Cld. Nova Cannon 40590 | -3/Testing | Build established: Golem 40603 | -3/Testing | Found Prototype Leg 40683 | -3/Testing | Found Prototype Hackware 41074 | -3/Testing | Found Prototype Launcher 41097 | -3/Testing | Identified Z-bomb Delivery System 41217 | -3/Testing | First assault squad dispatched 41259 | -3/Testing | Intercept squad dispatched 41264 | -3/Testing | Spotted Tracker 41269 | -3/Testing | Destroyed Tracker 41274 | -3/Testing | Spotted Combat Programmer 41279 | -3/Testing | Destroyed Combat Programmer 41280 | -3/Testing | System corruption reached 10% 41300 | -3/Testing | Destroyed 7 combat bots 41382 | -3/Testing | Entered Research 41382 | -2/Research | Warlord forces began assault on 0b10 41382 | -2/Research | Evolved 2 slots: Power x1, Propulsion x1 41383 | -2/Research | Loaded intel: 107 machine locations 41384 | -2/Research | Identified Myomer Exoskeleton 41465 | -2/Research | Met up with Warlord 41492 | -2/Research | Research machine network offline 41508 | -2/Research | Found Gamma Bomb Array 41558 | -2/Research | Found Prototype Device 41558 | -2/Research | Identified EM Dispersion Field 41621 | -2/Research | Found Antimissile System 41686 | -2/Research | Borebot progress halted 41872 | -2/Research | Discovered new exit (range 8) 41974 | -2/Research | Warlord destroyed during the assault 42014 | -2/Research | Borebot progress halted 42077 | -2/Research | Build established: Generator-Golem 42125 | -2/Research | Borebot progress halted 42177 | -2/Research | Entered Quarantine 42178 | -2/Quarantine | Loaded intel: 69 machine locations 42191 | -2/Quarantine | Found Alien Slashing Weapon 42196 | -2/Quarantine | Spotted QF-NUP(L) 42287 | -2/Quarantine | Found Alien Impact Weapon 42335 | -2/Quarantine | Found Alien Artifact 42385 | -2/Quarantine | Met incapacitated Sigix Warrior 42385 | -2/Quarantine | Lockdown squad dispatched 42581 | -2/Quarantine | Spotted Lightning 42584 | -2/Quarantine | Spotted Lightning 42605 | -2/Quarantine | Spotted Lightning 42631 | -2/Quarantine | Destroyed Lightning 42645 | -2/Quarantine | Found Prototype Energy Cannon 42665 | -2/Quarantine | Destroyed Lightning 42676 | -2/Quarantine | Build established: Generator-Mutant 42729 | -2/Quarantine | Identified EMDS 42769 | -2/Quarantine | Lost 4 parts (2u2w) 42786 | -2/Quarantine | Destroyed Lightning 42797 | -2/Quarantine | Found Exp. Phase Shifter 42802 | -2/Quarantine | Found EM Dispersion Field 42814 | -2/Quarantine | Found EM Dispersion Field 42972 | -2/Quarantine | System corruption reached 10% 43026 | -2/Quarantine | Build established: Generator-Golem 43150 | -2/Quarantine | Scanned by Researcher 43760 | -2/Quarantine | Identified Core Stripper 43942 | -2/Quarantine | Cryocooling Duct disabled 43957 | -2/Quarantine | Ambient heat levels rising (+20) 43957 | -2/Quarantine | Non-combat units ordered to evacuate 44054 | -2/Quarantine | Discovered new exit (range 13) 44195 | -2/Quarantine | Repaired Lyr. Medium Armor Plating 44200 | -2/Quarantine | Intercept squad dispatched 44202 | -2/Quarantine | Spotted Tracker 44202 | -2/Quarantine | Spotted Combat Programmer 44207 | -2/Quarantine | Spotted Tracker 44207 | -2/Quarantine | Spotted Combat Programmer 44215 | -2/Quarantine | Destroyed Tracker 44226 | -2/Quarantine | Destroyed Tracker 44245 | -2/Quarantine | Destroyed Combat Programmer 44263 | -2/Quarantine | Destroyed Combat Programmer 44286 | -2/Quarantine | Found EMDS 44307 | -2/Quarantine | Found EMDS 44359 | -2/Quarantine | Found Alien Artifact 44360 | -2/Quarantine | Identified Phase Armor 44416 | -2/Quarantine | Found Alien Artifact 44476 | -2/Quarantine | Build established: Generator-Mutant 44568 | -2/Quarantine | Found Alien Artifact 44571 | -2/Quarantine | Found Alien Artifact 44577 | -2/Quarantine | Found Alien Artifact 44694 | -2/Quarantine | Spotted Fortress 44707 | -2/Quarantine | Destroyed Fortress 44711 | -2/Quarantine | Found Exp. Force Field 44718 | -2/Quarantine | Found Vortex Chain Reactor 44741 | -2/Quarantine | Found Vortex Chain Reactor 44784 | -2/Quarantine | Intercept squad dispatched 44795 | -2/Quarantine | Spotted Tracker 44796 | -2/Quarantine | Spotted Tracker 44822 | -2/Quarantine | Identified Transdimensional Reconstructor 44822 | -2/Quarantine | Warped through subspace 44848 | -2/Quarantine | Spotted Combat Programmer 44869 | -2/Quarantine | Core integrity fell below 50% 44871 | -2/Quarantine | Destroyed Combat Programmer 44876 | -2/Quarantine | Destroyed Tracker 44879 | -2/Quarantine | Spotted Combat Programmer 44891 | -2/Quarantine | Destroyed Tracker 44908 | -2/Quarantine | Destroyed Combat Programmer 44927 | -2/Quarantine | First assault squad dispatched 45036 | -2/Quarantine | Discovered new exit (range 5) 45040 | -2/Quarantine | Entered Section 7 45041 | -2/Section 7 | Loaded intel: 139 machine locations 45180 | -2/Section 7 | Found Alien Artifact 45290 | -2/Section 7 | First assault squad dispatched 45332 | -2/Section 7 | Identified Ghost Barrier 45418 | -2/Section 7 | Destroyed 7 combat bots 45525 | -2/Section 7 | Found Alien Artifact 45663 | -2/Section 7 | Found Alien Artifact 45663 | -2/Section 7 | Identified Integrated Reactor 45663 | -2/Section 7 | Installed Integrated Reactor, increased core energy generation (+10) 45728 | -2/Section 7 | Intercept squad dispatched 45734 | -2/Section 7 | System corruption reached 30% 45740 | -2/Section 7 | Spotted Tracker 45741 | -2/Section 7 | Spotted Tracker 45747 | -2/Section 7 | Spotted Combat Programmer 45748 | -2/Section 7 | Identified Matter Drive 45759 | -2/Section 7 | Destroyed Tracker 45760 | -2/Section 7 | Destroyed Tracker 45768 | -2/Section 7 | Destroyed Combat Programmer 45768 | -2/Section 7 | Spotted Combat Programmer 45784 | -2/Section 7 | Destroyed Combat Programmer 45797 | -2/Section 7 | Found EMDS 45811 | -2/Section 7 | Found Exp. Target Analyzer 45816 | -2/Section 7 | Found Exp. Targeting Computer 45926 | -2/Section 7 | Identified exit to Garrison 45926 | -2/Section 7 | Entered Garrison 45927 | -2/Garrison | Loaded intel: 21 machine locations 46033 | -2/Garrison | Lost 5 parts (1p1n2u1w) 46144 | -2/Garrison | Spotted B-90 Cyclops 46144 | -2/Garrison | Triggered checkpoint 46204 | -2/Garrison | Lost 3 parts (1p1u1w) 46218 | -2/Garrison | Destroyed 8 combat bots 46234 | -2/Garrison | Triggered checkpoint 46336 | -2/Garrison | Destroyed B-90 Cyclops 46365 | -2/Garrison | Triggered checkpoint 46374 | -2/Garrison | Triggered checkpoint 46470 | -2/Garrison | Found Corrupted Quantum Capacitor 46519 | -2/Garrison | Discovered new exit (range 11) 46546 | -2/Garrison | Installed Relay Interface Framework 46622 | -2/Garrison | Triggered checkpoint 46645 | -2/Garrison | Garrison Relay disabled 46993 | -2/Garrison | Found Antimissile System 47003 | -2/Garrison | Found Antimissile System 47303 | -2/Garrison | Build established: Generator-Golem 47729 | -2/Garrison | Garrison Relay disabled 47795 | -2/Garrison | Entered Access 47795 | -1/Access | Evolved 2 slots: Propulsion x1, Weapon x1 47796 | -1/Access | Loaded intel: 113 machine locations 47798 | -1/Access | Identified Sigix Broadsword 47995 | -1/Access | Build established: Generator-Mutant 48246 | -1/Access | Lost 4 parts (1n2u1w) 48252 | -1/Access | Identified Hpw. Transdimensional Reconstructor 48323 | -1/Access | Spotted B-99 Colossus 48434 | -1/Access | Identified Integrated Dissipator 48434 | -1/Access | Installed Integrated Dissipator, increased core heat dissipation (+20) 48458 | -1/Access | Intercept squad dispatched 48480 | -1/Access | Spotted Tracker 48481 | -1/Access | Spotted Tracker 48485 | -1/Access | Destroyed Tracker 48502 | -1/Access | Destroyed Tracker 48511 | -1/Access | Found Exp. Phase Shifter 48513 | -1/Access | Found Exp. Targeting Computer 48518 | -1/Access | Spotted Combat Programmer 48524 | -1/Access | Garrison activated, responded to threat 48527 | -1/Access | Lost 3 parts (2u1w) 48535 | -1/Access | Spotted Combat Programmer 48551 | -1/Access | Destroyed Combat Programmer 48559 | -1/Access | Found EMDS 48576 | -1/Access | System corruption reached 10% 48582 | -1/Access | Destroyed Combat Programmer 48592 | -1/Access | Found EMDS 48724 | -1/Access | Identified Subatomic Replicator 48724 | -1/Access | Used Subatomic Replicator to replicate Alien Artifact 48729 | -1/Access | Identified Integrated Mediator (x2) 48729 | -1/Access | Installed Integrated Mediator, increased core attachment efficiency. 48730 | -1/Access | Installed Integrated Mediator, increased core attachment efficiency. 48818 | -1/Access | Discovered new exit (range 8) 48828 | -1/Access | Entered Command 48829 | -1/Command | Loaded intel: 58 machine locations 48868 | -1/Command | Spotted B-99 Colossus 49015 | -1/Command | Destroyed 13 combat bots 49042 | -1/Command | Destroyed B-99 Colossus 49064 | -1/Command | Lost 3 parts (1u2w) 49086 | -1/Command | Found Corrupted Prototype Ballistic Gun 49097 | -1/Command | Identified Multirail 49294 | -1/Command | Found Enh. Force Lance 49878 | -1/Command | First assault squad dispatched 50046 | -1/Command | Destroyed 8 combat bots 50165 | -1/Command | Failed to warp due to unstable space 50264 | -1/Command | Found Prototype Device 50264 | -1/Command | Identified Active Sensor Suite 50410 | -1/Command | Spotted Executioner 50410 | -1/Command | Spotted Executioner 50410 | -1/Command | Spotted Striker 50410 | -1/Command | Spotted Alpha 7 50410 | -1/Command | Spotted Executioner 50410 | -1/Command | Spotted Executioner 50410 | -1/Command | Spotted Striker 50410 | -1/Command | Spotted Alpha 7 50411 | -1/Command | Spotted B-99 Colossus 50414 | -1/Command | Spotted B-99 Colossus 50430 | -1/Command | Core integrity fell below 50% 50433 | -1/Command | Core integrity fell below 20% 50435 | -1/Command | Destroyed by G-73 Enforcer with Phase Gun Last Messages --------------- 50432_ Critical hit (Destroy). 50432_ 2N-1CE's Frost Array destroyed. 50432_ Executioner knocked back. 50432_ Knocked back. 50432_ Triggered Stasis Trap. 50432_ Penetrated by Slug. 50432_ Slug penetrates Alpha 7. 50432_ A bubble of rippling energy engulfs the area. 50432_ Field strength at 94. 50433_ K-01 Serf collects debris. 50433_ Penetrated by Slug. 50433_ Exp. Targeting Computer destroyed. 50433_ Field strength at 53. 50434_ Penetrated by Slug. 50434_ Slug penetrates Wall. 50434_ Field strength at 19. 50435_ Penetrated by Slug. 50435_ Slug penetrates Wall. 50435_ Stasis field depleted. [Achievement: Rambo] Map ----- +----------------------------------------------------+ | ?????????????????????????????????????????????????? | | ?????????????????????????????????????????????????? | | ?????????????????????????????????????????????????? | | ?????????????????????????????????????????????????? | | ?????????????????????????????????????????????????? | | ?????????????????????????????????????????????????? | | ?????????????????????????????????????????????????? | | ?????????????????????????????????????????????????? | | ?????????????????????????????????????????????????? | | ??????????????????????? ?????????????????????????? | | ?????????????????????# """"""?? #??????????????? | | ???????????"""???????# "????"? #??????????????? | | ??????????""""???????# "??"?"? #??????????????? | | ??????????""""???????# ^"?""?" #??????????????? | | ??????????""T????????# "????" #??????????????? | | ?????????????????????# """""" #??????????????? | | ????????????????????## ^ ???????????????? | | ????????????????????#" ????????????????? | | ?????????????????????# BB ?????????????????? | | ??????????????????????#"; BB##????????????????? | | ???????????????????????# BB ^ #????????????????? | | ?????????""????????????#;BB ##????????????????? | | ?????????T"????????????# ^^ #????????????????? | | ???????????????????????## *!* ##???????????###### | | ???????????????????????# EE!E|^ #????######## | | ???????????????????????#;@K[7^ ##????# # | | ??????????????????????#;7^!!E% #????#!!! # ! | | ??????????????????????###%%%! ##????#!! # | | ????????????????????????# * ^ #?????#!! ####+# | | ????????????????????????#;;%;;k;#????# * + | | ????????????????????????#;% [% #????# = # % | | ????????????????????????#; % %;;#########+## % * | | ????????????????????????#; gg% | | ??????????""????""??????#; g% k | | ?????????""""??""""?????##= g ###### | | ?????????""""??""""??????#%[ %% #????# | | ??????????""????""???????" ;;;;#;#"#+#????# | | ?????????????????????????"RR # ?????##### | | ???????????????????????+ ; ???????? | | ???????????????????????# # ! ?????? | | ???????????????????????# # #???? | | ?????????????????????? # #???? | | ????????????????????? # #???? | | ???????""??????????? ###"""##########???? | | ???????"""???????? #??????????????????? | | ????????T"???????? % #??????????????????? | | ???????"""??????""Y"" #??????????????????? | | ???????""???????""""" #??????????????????? | | ????????????????????? ???????????????????? | | ????????????????????????!! ???????????????????? | +----------------------------------------------------+ Best States ------------- Heat Dissipation 179 Energy Generation 93 Energy Capacity 2390 Matter Stores 500 Matter Capacity 500 Sight Range 22 Robot Scan Range 20 Terrain Scan Range 24 Terrain Scan Density 2010 Jamming Range 22 Power Amplification 30 Additional Mass Support 20 Corruption Prevention 20 Armor Coverage 1600 Resistance: KI 25 Resistance: TH 15 Resistance: EX 15 Resistance: EM 90 Resistance: I 15 Resistance: S 15 Resistance: P 15 Utility Shielding 66 Weapon Shielding 100 Point Defense Rating 240 Weapon Cycling 25 Phase Shifting 20 Evasion (%) 75 Targeting Accuracy 32 Core Analysis 8 Armor Integrity Analysis 40 Recoil Reduction 6 Particle Charging 25 Salvage Targeting 1 Defensive Hacking 20 Relay Coupler Types 1 Relay Coupler Value 8 Authchip Count 4 Item Schematics ----------------- Hcp. Storage Unit | -10/Materials | Hacked Huge Storage Unit | -10/Materials | Hacked Arm. Treads | -9/Materials | Scanalyzed Minigun | -9/Materials | Scanalyzed Arm. Wheel | -8/Materials | Hacked Hvy. Armor Plating | -8/Materials | Hacked Mak. Transmission Jammer | -8/Materials | Scanalyzed Mak. Hammer | -7/Zion | Archive Coil Gun | -7/Zion | Archive Plasma Cannon | -7/Zion | Archive Chainsword | -7/Zion | Archive Imp. Trap Scanner | -7/Zion | Archive Gravmag System | -7/Zion | Archive Variable Charge Gun | -7/Zion | Archive Imp. Arc Projector | -7/Zion | Archive Slug Cannon | -7/Zion | Archive Imp. Target Analyzer | -7/Zion | Archive Lyr. Medium Armor Plating | -7/Zion | Archive Recalibrator | -7/Zion | Archive Imp. Medium Armor Plating | -7/Zion | Archive Lgt. Fission Core | -7/Zion | Archive Beamcaster | -7/Zion | Free Hvy. Riot Gun | -7/Zion | Free Battle Rifle | -7/Zion | Free Battle Cannon | -7/Zion | Free Particle Reactor | -3/Testing | Scanalyzed Robot Schematics ------------------ M-13 Machinist | -10/Materials | Hacked B-48 Gladiator | -7/Zion | Archive A-02 Transporter | -7/Zion | Archive C-57 Dissector | -7/Zion | Archive Fabricated ------------ Hcp. Storage Unit | x1 | -6/Factory Hvy. Armor Plating | x1 | -6/Factory | Authchip Alien Tech Used ----------------- Core Stripper Phase Armor Transdimensional Reconstructor Integrated Reactor Matter Drive Sigix Broadsword Integrated Dissipator Subatomic Replicator Integrated Mediator High-powered Transdimensional Reconstructor Achievements -------------- Rambo Shocking Conclusion Challenges ------------ None Game ------ Seed CoreHelicalCasing Manual? 0 Play Time 06:36:43 Cumulative 474.1 hours Start 2021.11.10 @ 16:24:09 End 2021.11.12 @ 03:24:47 Sessions 3 Manual Loads 0 Difficulty Rogue Special Mode None Game No. 466 Rogue 466 Adventurer 0 Explorer 0 Win Type - Total 9 Types 8/0/0/1/0/0/0/0/0 Lore% 81 Gallery% 93 Achievement% 71 Wizard Run 0 Options --------- ASCII 0 Keyboard 0 Movement Mouse Keybinds 1 Fullscreen 2 Font 24/Smallcaps Map View 76x50 Tactical HUD 1 Map Filters NONE Filters NONE Steam 1 RUN: b4637ee7-fe79-400f-a35a-af8e34617b64